 Dungeon Crawl Stone Soup version 0.31-a0-45-g5f0c076935 (webtiles) character file.

Game seed: 4727232704136008809

3201439 Zonian the Conqueror (level 27, 250/250 HPs)
             Began as a Djinni Transmuter on May 6, 2023.
             Was a High Priest of Jiyva.
             Escaped with the Orb
             ... and 5 runes on May 21, 2023!
             The game lasted 06:34:30 (71171 turns).

Zonian the Conqueror (Djinni Transmuter)           Turns: 71171, Time: 06:34:31

Health: 250/250    AC: 22    Str: 20    XL:     27
Gold:   5096       EV: 29    Int: 25    God:    Jiyva [*****.] SH: 25 Dex: 24

rFire   + + +        U - +8 demon blade "Leech" {evervamp, Harm Drain rN+}
rCold   . . .        F - +5 Storm Queen's Shield {shock, Fly rElec}
rNeg    + + .        f - +2 leather armour of the Shrike {Fly Dex+3 Slay+6}
rPois   ∞            O - +2 hood of the Assassin {Detect Stab+ Stlth++}
rElec   +            r - +2 cloak {Stlth+}
rCorr   +            m - +2 pair of gloves {Dex+3}
SInv    +            (boots unavailable)
Will    +++..        p - amulet of reflection
Stlth   +++          S - ring of Nuuzitat {AC+4 Str+3 Slay+3}
HPRegen 2.05/turn    W - ring "Heit" {rC+ rN+ Will+ Dex+4}
MPRegen 0.00/turn

%: random rage (3%), harm (+30% outgoing, +20% incoming), reflection
@: flying, studying Short Blades
A: sickness immunity, fire resistance 3, cold vulnerability 1, float, innate
caster, HP casting, extra vitality 1, iridescent scales 1, see invisible,
berserk 1, deformed body, mutation resistance 1, sense surroundings 1, robust 1,
strong 2, wild magic 3, gelatinous body 2, pseudopods 1, jelly sensing items,
inability to read after injury 1
0: Orb of Zot
}: 5/15 runes: barnacled, slimy, silver, demonic, gossamer
a: Renounce Religion, Oozemancy, Slimify


You escaped.
You worshipped Jiyva.
Jiyva was extremely pleased with you.
You visited 12 branches of the dungeon, and saw 56 of its levels.
You visited Pandemonium 1 time, and saw 9 of its levels.
You visited 1 ziggurat, and saw 9 of its levels.
You also visited: Gauntlet and Volcano.

You collected 6908 gold pieces.
You spent 1812 gold pieces at shops.

Inventory:

Hand Weapons
 U - the +8 demon blade "Leech" (weapon) {evervamp, Harm Drain rN+}
   (You found it on level 5 of the Pits of Slime)

   rN:        It protects you from negative energy.
   Drain:     It drains your maximum health when unequipped.
   Harm:      It increases damage dealt and taken.
Missiles
 n - 11 javelins
 A - 27 boomerangs (quivered)
 H - 3 curare-tipped darts
 P - 16 boomerangs of dispersal
 X - a throwing net
Armour
 c - the +2 leather armour "Quej" {rC+}
   (You bought it in a shop on level 2 of the Orcish Mines)

   rC:        It protects you from cold.
 f - the +2 leather armour of the Shrike (worn) {Fly Dex+3 Slay+6}
   (You found it on level 5 of the Realm of Zot)

   Dex:       It affects your dexterity (+3).
   Slay:      It affects your accuracy & damage with ranged weapons and melee
   (+6).
   Fly:       It grants you flight.
 m - a +2 pair of gloves of dexterity (worn)
 r - a +2 cloak of stealth (worn)
 F - the +5 Storm Queen's Shield (worn) {shock, Fly rElec}
   (You found it on level 3 of the Elven Halls)

   Shock:     When it blocks an attack, it may electrocute the attacker.
   This works even against foes who are a short distance away.
   rElec:     It insulates you from electricity.
   Fly:       It grants you flight.
 O - the +2 hood of the Assassin (worn) {Detect Stab+ Stlth++}
   (You found it on level 5 of the Pits of Slime)

   Detect:    It allows the wearer to sense nearby creatures.
   Stab+:     It allows the wearer to make particularly effective stabbing
   attacks against helpless or unaware enemies with any weapon.
   Stlth:     It makes you much more stealthy.
Jewellery
 g - the ring of Axkom {Str+3 Int-5 Dex+6}
   (You found it on level 6 of a ziggurat)

   [ring of dexterity]

   Str:       It affects your strength (+3).
   Int:       It affects your intelligence (-5).
   Dex:       It affects your dexterity (+6).
 p - an amulet of reflection (around neck)
 s - the ring "Dyots" {rPois rN+ MP+9 EV+5 Str-3}
   (You took it off an angel in Pandemonium)

   [ring of evasion]

   EV:        It affects your evasion (+5).
   Str:       It affects your strength (-3).
   rPois:     It protects you from poison.
   rN:        It protects you from negative energy.
   MP:        It affects your magic capacity (+9).
 t - the ring of Poxusawuss {rPois rC++ Int+4 Stlth-}
   (You found it on level 2 of the Vaults)

   [ring of poison resistance]

   Int:       It affects your intelligence (+4).
   rC:        It greatly protects you from cold.
   rPois:     It protects you from poison.
   Stlth:     It makes you less stealthy.
 y - the ring "Usit" {rF+ Str+2 Dex+3 Stlth+}
   (You found it in Pandemonium)

   [ring of protection from fire]

   Str:       It affects your strength (+2).
   Dex:       It affects your dexterity (+3).
   rF:        It protects you from fire.
   Stlth:     It makes you more stealthy.
 S - the ring of Nuuzitat (left hand) {AC+4 Str+3 Slay+3}
   (You found it on level 5 of the Pits of Slime)

   [ring of protection]

   AC:        It affects your AC (+4).
   Str:       It affects your strength (+3).
   Slay:      It affects your accuracy & damage with ranged weapons and melee
   (+3).
 T - the dreamshard necklace {*Dream Drain}
   (You found it in a Gauntlet)

   [amulet of nothing]

   *Dream:    It shatters if its wearer takes lethal or near-lethal damage,
   preventing the blow and releasing protective dreams that heal and fight for
   the wearer.
   Drain:     It drains your maximum health when unequipped.
 W - the ring "Heit" (right hand) {rC+ rN+ Will+ Dex+4}
   (You found it on level 3 of the Crypt)

   [ring of positive energy]

   Dex:       It affects your dexterity (+4).
   rC:        It protects you from cold.
   rN:        It protects you from negative energy.
   Will:      It increases your willpower.
Wands
 a - a wand of roots (27)
 d - a wand of mindburst (42)
 h - a wand of flame (14)
 k - a wand of light (13)
 K - a wand of digging (17)
Scrolls
 b - 4 scrolls of enchant weapon
 j - 9 scrolls of poison
 o - 12 scrolls of teleportation
 v - a scroll of brand weapon
 x - a scroll of fog
 G - 4 scrolls of silence
 N - 6 scrolls of fear
 R - 3 scrolls of magic mapping
Potions
 e - a potion of might
 i - 13 potions of curing
 l - 4 potions of haste
 z - 4 potions of brilliance
 D - 6 potions of resistance
 I - 2 potions of berserk rage
 L - 2 potions of invisibility
 M - 5 potions of ambrosia
Miscellaneous
 q - the horn of Geryon (inert)
 w - a phantom mirror
 J - a lightning rod (4/4)
 V - a box of beasts


   Skills:
 O Level 27 Fighting
 - Level 10.0(15.2) Short Blades
 - Level 18.2(19.1) Long Blades
 - Level 12.0 Throwing
 - Level 12.0 Armour
 + Level 18.1 Dodging
 - Level 8.0 Stealth
 - Level 14.0 Shields
 - Level 4.0 Unarmed Combat
 - Level 21.0 Spellcasting
 - Level 14.0 Evocations


You knew the following spells:

 Your Spells              Type           Power      Damage    Failure   Level
a - Beastly Appendage     Tmut           100%       N/A       1%          1
b - Wereblood             Tmut           100%       N/A       1%          2
c - Spider Form           Tmut/Pois      100%       N/A       1%          3
d - Ice Form              Ice/Tmut       100%       N/A       1%          4
e - Sting                 Tmut/Pois      100%       1d8       1%          1
f - Searing Ray           Conj           100%       2d8       1%          2
g - Blink                 Tloc           100%       N/A       1%          2
h - Ignite Poison         Fire/Tmut/Pois 100%       N/A       1%          3
i - Arcjolt               Conj/Air       64%        1d74      1%          5
j - Summon Forest         Summ/Tloc      64%        N/A       1%          5
k - Simulacrum            Ice/Necr       64%        N/A       2%          6
l - Statue Form           Tmut/Erth      86%        N/A       2%          6
m - Orb of Destruction    Conj           64%        9d15      4%          7
n - Summon Hydra          Summ           64%        N/A       4%          7
o - Maxwell's Capacitive  Air            64%        ∞         13%         8
p - Disjunction           Tloc           64%        N/A       13%         8
q - Polar Vortex          Ice            64%        N/A       71%         9
Your spell library was empty.

Dungeon Overview and Level Annotations

Branches:
Dungeon (15/15)            Temple (0/1) D:6            Lair (5/5) D:10
 Shoals (4/4) Lair:2       Spider (4/4) Lair:2        Slime (5/5) Lair:5
    Orc (2/2) D:9             Elf (3/3) Orc:2        Vaults (5/5) D:13
  Crypt (3/3) Vaults:2       Tomb (0/3) Crypt:3      Depths (4/4) D:15
   Hell (visited)             Dis (0/7) Hell            Geh (0/7) Hell
    Coc (0/7) Hell            Tar (0/7) Hell            Zot (5/5) Depths:4
Volcano (visited)         Gauntlet (visited)

Altars:
Ashenzari
Dithmenos
Nemelex Xobeh
Trog
Uskayaw
Wu Jian
Yredelemnul
Jiyva

Shops:
D:2 *   D:8 (   Orc:2 [===   Elf:1 (   Shoals:4 :   Vaults:1 =?=!   Vaults:3 :
Vaults:5 *=   Depths:4 :=:

Portals:
Hell: Depths:1 Depths:2 Depths:3 Depths:4
Abyss: Depths:2 Depths:3
Pandemonium: Depths:1 Depths:2 Depths:4
Trove: D:15 (give 6 scrolls of fog)

Annotations:
Shoals:3 3 runed translucent doors, Mungiw's ghost, adept MiBe; Zyonedgh's ghost, adept DsMo
Spider:1 exclusion: 2 ice statues
Slime:5 Royal Jelly
Elf:2 5 runed translucent doors
Vaults:4 1 runed translucent door, Vogeir's ghost, veteran HuIE
Zot:2 1 runed translucent door, Zeaxzic Paph's ghost, veteran OgBe
Zot:5 2 transporters, exclusion: obsidian statue, Sobieck's ghost, master DECj


Innate Abilities, Weirdness & Mutations

You are immune to sickness and miasma.
You are immune to poison.
Your flesh is almost immune to the effects of heat. (rF+++)
You are vulnerable to cold. (rC-)
You float through the air rather than walking.
You learn spells naturally, not from books.
Your magical power is your life essence.
You have superior vitality. (+4 MHP)
You are partially covered in iridescent scales. (AC +2)
You have supernaturally acute eyesight. (SInv)
You sometimes lose your temper in combat.
Armour fits poorly on your strangely shaped body.
You are somewhat resistant to further mutation.
You passively map a small area around you.
You are robust. (+10% HP)
Your muscles are very strong. (Str +8, Int/Dex -2)
Your spells are much harder to cast, but much more powerful.
Your pliable body absorbs attacks. (AC +2, EV +2)
Armour fits poorly on your pseudopods.
You have a small jelly attached to you that senses nearby items.
You occasionally lose the ability to read scrolls when taking damage.


Message History

(V) Vaults (C) Crypt (W) Tomb (U) Depths (H) Hell (I) Dis (G) Gehenna (X) Cocytus (Y) Tartarus (Z) Zot
Where to? (Enter - D:1 @ (x,y), ? - help)
You hear a splatter.
There is an open door here.
You see here 5 stones.
You hear a distant slurping noise.
There is a staircase leading out of the dungeon here.
Unknown command.
An Executioner comes into view.
You slice the Executioner!!
The Executioner is moderately wounded.
You barely miss the Executioner.
The Executioner is moderately wounded.
The Executioner closely misses you. x2; The Executioner completely misses you.
You slice the Executioner like a ripe choko!!!
You bludgeon the Executioner.
The Executioner is almost dead.
You block the Executioner's attack.
Your shield discharges, shocking the Executioner!
The Executioner resists.
The Executioner hits you but does no damage.
You block the Executioner's attack.
You hit the Executioner but do no damage.
The Executioner is almost dead.
The Executioner gestures.
The Executioner seems to speed up.
You block the Executioner's attack.
Your shield discharges, shocking the Executioner!
The Executioner resists.
The Executioner completely misses you. You block the Executioner's attack.
Your shield discharges, shocking the Executioner!
The Executioner resists.
You kill the Executioner!
You hear a distant slurping noise.
There is a staircase leading out of the dungeon here.
Casting: Blink (safe; 1% risk of failure)
Confirm with . or Enter, or press ? or * to list all spells.
Okay, then.
You have escaped!

............##.###.##......#
#.##
##..##.#.....##.#.##.....#.#
#†#
#..##.##.....##.##.2...##.###.#
#.[#.).##.....###.....##..#...#
#.....#.##.....#.....##.#.#.###
#.#...##.##.........##.##.#.#
##.#....##.##..>.8..##.##....#
.........##.##.....##.##....##
##.#......##.##.@.##.##.....#
#.#......###.#...#.###.....#
##.#......###.#...#.#...###.#
............#.#...#.#.#####.#
†...........#.#...#.#.# #..#
##..........#.#.(.#.#.# #.##
##..........#.#...#.#.## #.#
≈#..........#.#...#.#..###.# ##
≈#..........#.#...#.#......#
##.


You could see a blizzard demon.

Vanquished Creatures
  A seraph (D:12)
  3 ancient liches
  2 dread liches (Zot:5)
  4 orbs of fire
  Mennas (Crypt:3)
  A juggernaut (Depths:4)
  Mara (Shoals:3)
  9 pandemonium lords
  Josephina (Crypt:2)
  A shard shrike (Zig:5)
  5 Killer Klowns (Zot:5)
  4 curse toes
  Bai Suzhen (Shoals:4)
  5 caustic shrikes
  13 golden dragons
  Geryon (Hell)
  The ghost of Reyb the Executioner, a veteran DsGl of Okawaru (Vaults:2)
  Nikola (Shoals:4)
  2 doom hounds (Crypt:2)
  Arachne (Spider:2)
  Jory (Vaults:2)
  A bone dragon (Depths:4)
  A hellephant (Hell)
  17 tentacled monstrosities
  4 Brimstone Fiends
  Jorgrun (Spider:1)
  3 electric golems
  Zenata (Elf:3)
  2 Tzitzimimeh
  4 Ice Fiends
  A Hell Sentinel (Pan)
  Mlioglotl (Spider:4)
  Grunn (Crypt:2)
  22 Orb Guardians
  5 liches
  A walking frostbound tome (Depths:3)
  A deep elf blademaster (Elf:3)
  5 quicksilver dragons
  4 deep elf master archers (Elf:3)
  6 titans
  Asterion (Elf:2)
  14 death cobs
  5 sphinxes
  6 ancient champions
  12 shadow dragons
  12 Executioners
  Agnes (Spider:4)
  Frances (Spider:1)
  9 storm dragons
  Donald (Shoals:4)
  4 tengu reavers
  9 draconian monks
  9 frost giants
  Ilsuiw (Shoals:3)
  A nargun (Zig:5)
  4 iron dragons
  3 demonspawn warmongers (Pan)
  6 revenants
  7 emperor scorpions (Spider:4)
  11 fire giants
  Aizul (Spider:4)
  16 vault wardens
  3 draconian scorchers (Zot:3)
  10 deep elf sorcerers
  4 ghost moths
  6 balrugs
  2 angels
  15 cacodemons
  2 curse skulls
  5 draconian annihilators
  A draconian stormcaller (Zot:3)
  An orc warlord (Vaults:1)
  3 deep elf elementalists (Elf:3)
  4 ghouls
  5 demonspawn blood saints (Pan)
  2 demonspawn corrupters (Pan)
  5 ironbound thunderhulks
  18 reapers
  2 spriggan defenders (Depths:3)
  16 stone giants
  A war gargoyle (Vaults:4)
  9 ironbound preservers
  2 juggernaut skeletons
  23 very ugly things
  4 deep elf demonologists (Elf:3)
  16 vampire knights
  9 green draconians
  5 demonspawn black suns
  9 black draconians
  2 yellow draconians (Zot:2)
  5 purple draconians
  8 white draconians
  16 lorocyprocas (Pan)
  Azrael (D:15)
  The ghost of themargong the Zephyrmancer, a journeyman TeAE of Hepliaklqana (Lair:4)
  8 deep elf annihilators (Elf:3)
  10 red draconians
  3 dire elephants (Vaults:1)
  7 spark wasps
  9 ettins
  A minotaur (Gauntlet)
  A crystal guardian (Vaults:3)
  4 eidola
  2 quicksilver dragon zombies
  Snorg (D:11)
  19 blizzard demons
  8 fire dragons
  10 green deaths
  7 merfolk impalers
  9 deep elf death magi
  6 merfolk javelineers
  7 entropy weavers
  8 jiangshi
  A kraken zombie (Hell)
  The ghost of Pimp the Fighter, a journeyman DrFi of Okawaru (D:13)
  8 deep elf high priests
  3 ice dragons
  2 juggernaut simulacra (Pan)
  39 vault guards
  14 yaktaur captains
  4 peacekeepers
  3 ogre magi
  6 hydras
  4 hell beasts
  5 centaur warriors
  Harold (D:11)
  2 catoblepae
  A spriggan skeleton (Crypt:2)
  4 merfolk avatars
  8 boulder beetles
  5 rakshasas
  6 ironbound frosthearts
  5 spriggan air magi
  6 merfolk aquamancers
  5 satyrs (Shoals:4)
  A radroach (Spider:4)
  3 deep troll shamans
  3 tengu warriors
  3 death knights
  5 deep troll earth magi (Depths:3)
  13 two-headed ogres
  11 dancing weapons
  4 death yaks (Lair:4)
  9 hell hogs
  An orc high priest (Elf:1)
  9 spriggan berserkers
  12 vampire magi
  7 hell knights
  23 soul eaters
  7 skysharks
  39 sun demons
  15 deep elf knights
  21 skeletal warriors
  3 storm dragon zombies
  8 iron trolls
  Lodul (D:14)
  A goliath frog (Lair:5)
  17 sixfirhies
  2 anaconda zombies
  13 sea snakes
  2 shadow wraiths
  5 pharaoh ants
  2 sun moths
  3 flayed ghosts
  34 deep trolls
  A cherub (Pan)
  4 orb spiders
  42 harpies
  5 deep elf archers (Elf:2)
  7 shadow demons (Pan)
  7 lindwurms
  6 wizards
  A spriggan simulacrum (Crypt:2)
  A jorogumo zombie (Crypt:1)
  A golden dragon zombie (Crypt:3)
  11 ironbound convokers
  A tengu zombie (Depths:1)
  16 phantasmal warriors
  A swamp dragon (shapeshifter) (Vaults:5)
  2 orange crystal statues
  11 necromancers
  An iron dragon zombie (Depths:1)
  9 steelbarb worms
  An anaconda skeleton (Hell)
  16 deep elf pyromancers
  38 ugly things
  15 deep elf zephyrmancers
  22 wolf spiders
  A frost giant zombie (Depths:1)
  A shadow dragon skeleton (Depths:2)
  27 moths of wrath
  21 manticores
  5 orc knights
  19 cyclopes
  17 fauns
  4 orc sorcerers
  A salamander (Volcano)
  12 merfolk sirens
  A dire elephant zombie (Crypt:3)
  2 elephants (Lair:4)
  Maurice (D:8)
  A toenail golem (D:3)
  13 vault sentinels
  A torpor snail (Spider:2)
  7 black mambas
  7 ice statues
  17 demonic crawlers
  8 water nymphs
  11 apocalypse crabs (Zot:1)
  53 smoke demons
  6 rust devils
  3 molten gargoyles (Volcano)
  17 cane toads
  A naga mage (Zig:1)
  An unseen horror (D:11)
  14 orange demons
  2 gargoyles
  13 komodo dragons
  Maggie (Lair:1)
  An alligator snapping turtle skeleton (Hell)
  2 spriggan zombies
  A sea snake zombie (Hell)
  8 ice devils
  A komodo dragon (shapeshifter) (D:14)
  36 yaktaurs
  5 rime drakes
  8 freezing wraiths
  5 kobold demonologists
  10 tormentors
  8 tengu conjurers
  2 efreet
  A swamp worm zombie (Crypt:3)
  An anaconda simulacrum (Crypt:2)
  15 trolls
  A queen bee (Lair:4)
  7 meliai
  A purple draconian skeleton (Crypt:3)
  5 red devils
  3 hornets
  A hydra skeleton (Hell)
  6 hellwings
  An iron troll skeleton (Crypt:3)
  36 merfolk
  7 wind drakes
  2 hydra zombies (Hell)
  A shadow dragon simulacrum (Crypt:2)
  A troll (shapeshifter) (Zig:2)
  A guardian serpent zombie (Crypt:3)
  A harpy skeleton (Crypt:2)
  2 tyrant leeches (Lair:5)
  11 tarantellas
  An ettin zombie (Crypt:1)
  11 snapping turtles
  30 blink frogs
  8 dream sheep
  5 flying skulls (Crypt:1)
  26 jumping spiders
  20 culicivoras
  A meliai zombie (Crypt:3)
  80 yaks
  2 spriggans
  An alligator skeleton (Hell)
  2 shadows
  2 air elementals
  23 vampires
  46 ynoxinuls
  9 water elementals
  8 wraiths
  A naga simulacrum (Crypt:2)
  7 basilisks
  5 wyverns
  An ettin skeleton (Hell)
  43 large abominations
  14 fire elementals
  2 steam dragons
  62 redbacks
  9 vampire mosquitoes
  18 neqoxecs
  36 chaos spawn
  A harpy simulacrum (Crypt:2)
  A sea snake simulacrum (Hell)
  7 wargs
  A fire bat zombie (Crypt:3)
  A naga (Zig:1)
  5 naga zombies
  10 water moccasins
  A skyshark zombie (Crypt:3)
  15 hell hounds
  An ice beast (D:8)
  22 orc warriors
  A swamp drake (D:9)
  A sky beast (D:7)
  2 black bears
  8 wolves
  A tengu (shapeshifter) (D:15)
  An alligator simulacrum (Hell)
  A black mamba simulacrum (Crypt:2)
  A snapping turtle skeleton (Crypt:1)
  31 ogres
  12 centaurs
  2 phantoms
  A fire crab zombie (Crypt:1)
  A vine stalker zombie (Crypt:2)
  4 elf zombies (Elf:1)
  11 kobold brigands
  A necrophage (Vaults:2)
  13 bullfrogs
  An earth elemental (Elf:3)
  A water moccasin zombie (Crypt:1)
  43 killer bees
  A warg skeleton (Crypt:1)
  A yak zombie (Crypt:1)
  4 electric eels
  A troll skeleton (Crypt:2)
  3 howler monkeys (D:10)
  A gnoll bouda (D:9)
  16 orc priests
  4 hounds
  A centaur skeleton (Crypt:2)
  2 sleepcaps
  Jessica (D:2)
  An iguana (D:5)
  18 orc wizards
  8 hell rats
  An ice beast zombie (Crypt:3)
  A deep dwarf skeleton (Crypt:2)
  A tengu skeleton (Crypt:1)
  7 adders
  2 gnolls (D:9)
  A swamp drake zombie (Crypt:2)
  A river rat (D:3)
  4 shadow imps (Gauntlet)
  A white imp (D:7)
  An ufetubus (D:4)
  A lava snake skeleton (Crypt:2)
  A worm (D:5)
  66 orcs
  4 ball pythons
  2 bats (D:1)
  2 endoplasms (D:1)
  5 giant cockroaches
  5 goblins
  5 hobgoblins
  6 jackals
  8 kobolds
  2 quokkas
  A frilled lizard (D:1)
  An orc skeleton (Crypt:2)
  6 rats
  2 fire vortices (Hell)
  2 tentacles (Hell)
2593 creatures vanquished.

Vanquished Creatures (collateral kills)
  Ignacio (Pan)
  An orb of fire (Zot:2)
  3 Killer Klowns (Zot:5)
  A caustic shrike (Depths:4)
  A Brimstone Fiend (Pan)
  10 Orb Guardians (Zot:5)
  A Hell Sentinel (Pan)
  2 storm dragons (Zot:5)
  A draconian scorcher (Zig:4)
  A cacodemon (Pan)
  A reaper (Pan)
  An ironbound preserver (Vaults:1)
  A demonspawn black sun (Zot:3)
  A deep elf annihilator (Zig:7)
  A purple draconian (Zot:2)
  A black draconian (Zot:3)
  A white draconian (Zot:3)
  A wendigo (Zig:5)
  A merfolk javelineer (Zig:6)
  An entropy weaver (Spider:3)
  A hell beast (Pan)
  Fannar (Lair:1)
  2 dancing weapons (Zig:7)
  An alligator snapping turtle (Shoals:4)
  Urug (Lair:3)
  A soul eater (Pan)
  An iron troll (Depths:4)
  2 sun demons (Pan)
  A sea snake (Shoals:4)
  3 sixfirhies (Pan)
  An orb spider (Spider:4)
  4 harpies
  2 deep elf archers (Zig:7)
  2 deep elf zephyrmancers (Zig:7)
  2 cyclopes (Volcano)
  2 moths of wrath (Zot:3)
  A water nymph (Zig:3)
  A torpor snail (Spider:3)
  2 smoke demons (Pan)
  2 cane toads
  2 gargoyles (Volcano)
  6 orange demons (Pan)
  An efreet (Zig:8)
  2 komodo dragons
  An ice devil (Pan)
  A merfolk (Zig:3)
  A wind drake (Zig:6)
  A snapping turtle (Shoals:4)
  A blink frog (shapeshifter) (Zig:7)
  A jumping spider (Spider:3)
  3 culicivoras (Spider:3)
  A ynoxinul (Pan)
  2 fire elementals (Zig:8)
  A chaos spawn (Pan)
  2 ice beasts
  An ogre (Orc:2)
  2 bullfrogs (Lair:1)
  An electric eel (Spider:3)
95 creatures vanquished.

Vanquished Creatures (others)
  2 eldritch tentacles (Pan)
  A fire giant (Zig:8)
  A demonspawn corrupter (Pan)
  A demonspawn blood saint (Pan)
  An ironbound thunderhulk (Vaults:4)
  A deep elf death mage (Elf:3)
  9 great orbs of eyes
  A yellow draconian (Zot:5)
  A merfolk impaler (Shoals:4)
  A deep elf high priest (Vaults:5)
  A yaktaur captain (Vaults:4)
  2 merfolk avatars
  A dancing weapon (Elf:3)
  An ogre mage (Orc:2)
  2 deep elf knights (Elf:1)
  4 ironbound convokers
  A wizard (Vaults:4)
  A cyclops (Orc:2)
  3 merfolk sirens
  A vault sentinel (Vaults:1)
  3 smoke demons (Pan)
  An eye of devastation (shapeshifter) (Vaults:5)
  A cane toad (Lair:5)
  6 yaktaurs
  A yaktaur (shapeshifter) (D:15)
  A freezing wraith (Vaults:2)
  An efreet (Volcano)
  A merfolk (shapeshifter) (Elf:3)
  A tarantella (shapeshifter) (Vaults:5)
  Grinder (D:3)
  13 slime creatures
  2 water elementals (Shoals:4)
  A ynoxinul (Pan)
  A steam dragon (D:7)
  3 chaos spawn (Pan)
  A redback (Spider:1)
  A large abomination (Pan)
  A water moccasin (D:8)
  A floating eye (shapeshifter) (Vaults:5)
  A fire bat skeleton (Crypt:3)
  A swamp drake (Zig:9)
  An orc warrior (D:7)
  A glowing shapeshifter skeleton (Depths:2)
  The ghost of Pimp the Chopper, an amateur HOMo (D:3)
  An ogre (Orc:2)
  A bullfrog (Lair:2)
  A scorpion (D:5)
  A water moccasin zombie (Crypt:2)
  A killer bee (Lair:4)
  An electric eel (Spider:3)
  428 jellies
  An iguana (D:5)
  3 gnolls (D:9)
  3 adders
  A white imp (D:5)
  2 worms
  A dart slug (D:5)
  12 orcs
  4 endoplasms (D:2)
  2 giant cockroaches
  3 goblins (D:2)
  4 hobgoblins
  3 jackals (D:2)
  3 bats
  A kobold (D:3)
  4 rats
  A creeping inferno (Hell)
  3 snaplasher vines
  4 spectral weapons
  6 tentacles (Hell)
577 creatures vanquished.

Grand Total: 3265 creatures vanquished

Notes
Turn   | Place    | Note
-------+----------+-------------------------------------------
     0 | D:1      | Zonian the Djinni Transmuter began the quest for the Orb.
     0 | D:1      | Zonian set off with the following spells memorised: Beastly
                  | Appendage, Wereblood, Spider Form, Ice Form.
     0 | D:1      | Reached XP level 1. HP: 17/17 MP: 0/0
   517 | D:1      | Reached XP level 2. HP: 19/22 MP: 0/0
   626 | D:1      | HP: 1/22 [goblin/+0 club (2)]
   963 | D:1      | Reached XP level 3. HP: 21/27 MP: 0/0
   963 | D:1      | Learned a level 1 spell: Sting
  1062 | D:1      | Found a faded altar of an unknown god.
  1078 | D:1      | Prayed at the altar of an unknown god.
  1078 | D:1      | Became a worshipper of Jiyva Juwnos the Shapeless
  1078 | D:1      | Reached * piety under Jiyva
  1300 | D:2      | Found Inegu's General Store.
  1309 | D:2      | Bought a scroll of poison for 44 gold pieces
  1420 | D:2      | Noticed Jessica
  1451 | D:2      | Killed Jessica
  1452 | D:2      | Reached skill level 2 in Fighting
  1452 | D:2      | Reached XP level 4. HP: 23/33 MP: 0/0
  1611 | D:2      | Reached ** piety under Jiyva
  2076 | D:3      | Found a runed translucent door.
  2077 | D:3      | Noticed Pimp's ghost (amateur HOMo)
  2234 | D:3      | Killed Pimp's ghost
  2235 | D:3      | Reached XP level 5. HP: 39/39 MP: 0/0
  2235 | D:3      | Learned a level 2 spell: Searing Ray
  2293 | D:3      | Found a runed translucent door.
  2384 | D:3      | Killed Grinder
  2604 | D:3      | Reached *** piety under Jiyva
  2686 | D:3      | Gained mutation: You expend health (3 HP) to strengthen
                  | your wands. [Jiyva's grace]
  2686 | D:3      | Gained mutation: Your muscles are strong. (Str +4, Int/Dex
                  | -1) [Jiyva's grace]
  2686 | D:3      | Gained mutation: Your muscles are very strong. (Str +8,
                  | Int/Dex -2) [Jiyva's grace]
  2686 | D:3      | Gained mutation: Your melee attacks may engulf your foes in
                  | ooze. [Jiyva's grace]
  3100 | D:4      | Reached skill level 3 in Fighting
  3125 | D:4      | Reached **** piety under Jiyva
  3212 | D:4      | Noticed a black bear
  3246 | D:4      | Reached skill level 1 in Short Blades
  3258 | D:4      | Noticed a phantom
  3278 | D:4      | Killed a phantom
  3279 | D:4      | Reached XP level 6. HP: 25/46 MP: 0/0
  3570 | D:4      | Killed a black bear
  3881 | D:4      | Reached ***** piety under Jiyva
  4045 | D:5      | Entered Level 5 of the Dungeon
  4149 | D:5      | Noticed an ice beast
  4163 | D:5      | Killed an ice beast
  4164 | D:5      | Reached skill level 4 in Fighting
  4164 | D:5      | Reached XP level 7. HP: 29/52 MP: 0/0
  4164 | D:5      | Learned a level 2 spell: Blink
  4256 | D:5      | Reached skill level 5 in Dodging
  4602 | D:5      | Gained mutation: Your natural rate of healing is unusually
                  | fast. [Jiyva's grace]
  4602 | D:5      | Gained mutation: You heal very quickly. [Jiyva's grace]
  4602 | D:5      | Gained mutation: You regenerate. [Jiyva's grace]
  4602 | D:5      | Gained mutation: You have a small jelly attached to you
                  | that may absorb projectiles. [Jiyva's grace]
  4704 | D:6      | Found a staircase to the Ecumenical Temple.
  4830 | D:6      | Found a shadowy altar of Dithmenos.
  5504 | D:6      | Reached XP level 8. HP: 58/58 MP: 0/0
  5682 | D:7      | Reached skill level 5 in Fighting
  5974 | D:7      | Reached ****** piety under Jiyva
  6180 | D:7      | Found an ornate altar of the Wu Jian Council.
  6577 | D:8      | Found Passer's Weapon Emporium.
  6741 | D:8      | Noticed Maurice
  6753 | D:8      | Paralysed by something for 2 turns
  6760 | D:8      | Paralysed by something for 5 turns
  6777 | D:8      | Paralysed by something for 2 turns
  6786 | D:8      | Paralysed by something for 5 turns
  6796 | D:8      | Killed Maurice
  6797 | D:8      | Reached skill level 6 in Fighting
  6797 | D:8      | Reached skill level 5 in Short Blades
  6797 | D:8      | Reached XP level 9. HP: 59/66 MP: 0/0
  6797 | D:8      | Learned a level 3 spell: Ignite Poison
  6959 | D:8      | Found a broken altar of Ashenzari.
  7020 | D:8      | Identified the ring of Ilyeddyn {Dex+3 SInv}
  7021 | D:8      | Lost mutation: You regenerate. [Jiyva's grace]
  7021 | D:8      | Lost mutation: You have a small jelly attached to you that
                  | may absorb projectiles. [Jiyva's grace]
  7021 | D:8      | Lost mutation: Your melee attacks may engulf your foes in
                  | ooze. [Jiyva's grace]
  7021 | D:8      | Gained mutation: Your skin changes colour to match your
                  | surroundings (Stealth+). [Jiyva's grace]
  7021 | D:8      | Gained mutation: Your skin blends seamlessly with your
                  | surroundings (Stealth++). [Jiyva's grace]
  7021 | D:8      | Gained mutation: Your skin perfectly mimics your
                  | surroundings (Stealth+++). [Jiyva's grace]
  7021 | D:8      | Gained mutation: You have a pair of small horns on your
                  | head. [Jiyva's grace]
  7029 | D:8      | Noticed a hornet
  7449 | D:8      | Killed a hornet
  7975 | D:9      | Noticed a two-headed ogre
  7991 | D:9      | Reached skill level 7 in Fighting
  7995 | D:9      | Reached XP level 10. HP: 54/75 MP: 0/0
  7996 | D:9      | Killed a two-headed ogre
  7997 | D:9      | Reached skill level 8 in Fighting
  8677 | D:9      | Found a hide-covered altar of Uskayaw.
  8739 | D:9      | Found a staircase to the Orcish Mines.
  8870 | D:9      | Reached skill level 9 in Fighting
  8961 | D:10     | Entered Level 10 of the Dungeon
  9029 | D:10     | Noticed a centaur warrior
  9030 | D:10     | Found a staircase to the Lair.
  9094 | D:10     | Lost mutation: You have a pair of small horns on your head.
                  | [Jiyva's grace]
  9094 | D:10     | Gained mutation: Your rubbery body absorbs attacks. (AC +1,
                  | EV +1) [Jiyva's grace]
  9094 | D:10     | Gained mutation: Your pliable body absorbs attacks. (AC +2,
                  | EV +2) [Jiyva's grace]
  9094 | D:10     | Gained mutation: Your gelatinous body deflects attacks. (AC
                  | +3, EV +3) [Jiyva's grace]
  9094 | D:10     | Lost mutation: Your skin perfectly mimics your surroundings
                  | (Stealth+++). [Jiyva's grace]
  9094 | D:10     | Lost mutation: Your skin blends seamlessly with your
                  | surroundings (Stealth++). [Jiyva's grace]
  9094 | D:10     | Lost mutation: Your skin changes colour to match your
                  | surroundings (Stealth+). [Jiyva's grace]
  9094 | D:10     | Gained mutation: Your translucent skin slightly reduces
                  | your foes' accuracy. (Stealth+) [Jiyva's grace]
  9208 | D:10     | Reached skill level 5 in Spellcasting
  9208 | D:10     | Reached XP level 11. HP: 84/84 MP: 0/0
  9208 | D:10     | Learned a level 5 spell: Arcjolt
  9807 | D:10     | Killed a centaur warrior
  9808 | D:10     | Reached skill level 10 in Fighting
 10077 | Lair:1   | Entered Level 1 of the Lair of Beasts
 10092 | Lair:1   | Noticed Fannar
 10102 | Lair:1   | Killed Fannar
 10324 | Lair:1   | Noticed a four-headed hydra
 10375 | Lair:1   | Noticed Maggie
 10388 | Lair:1   | Killed Maggie
 10389 | Lair:1   | Reached XP level 12. HP: 92/93 MP: 0/0
 10711 | Lair:1   | Found a dark tunnel.
 10722 | Volcano  | Entered a volcano
 10875 | Volcano  | Reached skill level 11 in Fighting
 11093 | Volcano  | Reached skill level 10 in Short Blades
 11114 | Volcano  | Noticed an orb of fire
 11156 | Volcano  | Noticed an orb of fire
 11472 | Lair:1   | Killed a one-headed hydra
 11652 | Lair:2   | Noticed a skyshark
 11677 | Lair:1   | Killed a skyshark
 11678 | Lair:1   | Reached skill level 1 in Long Blades
 11863 | Lair:2   | Lost mutation: You heal very quickly. [Jiyva's grace]
 11863 | Lair:2   | Lost mutation: Your natural rate of healing is unusually
                  | fast. [Jiyva's grace]
 11863 | Lair:2   | Gained mutation: Your melee attacks may engulf your foes in
                  | ooze. [Jiyva's grace]
 11863 | Lair:2   | Gained mutation: You are covered in slimy tendrils that may
                  | disarm your opponents. [Jiyva's grace]
 11863 | Lair:2   | Gained mutation: You have a small jelly attached to you
                  | that senses nearby items. [Jiyva's grace]
 11863 | Lair:2   | Gained mutation: You are partially covered in iridescent
                  | scales. (AC +2) [Jiyva's grace]
 11914 | Lair:2   | Reached skill level 12 in Fighting
 11944 | Lair:2   | Noticed a catoblepas
 11993 | Lair:2   | Killed a catoblepas
 11995 | Lair:2   | Found a hole to the Spider Nest.
 12016 | Lair:2   | Reached XP level 13. HP: 40/101 MP: 0/0
 12016 | Lair:2   | Learned a level 5 spell: Summon Forest
 12408 | Lair:2   | Found a staircase to the Shoals.
 12658 | Lair:2   | Upgraded the game from 0.31-a0-7-g51783674b7 to
                  | 0.31-a0-8-gd14b0f4ee2
 12683 | Lair:3   | Noticed Urug
 12697 | Lair:3   | Killed Urug
 13124 | Lair:3   | Reached skill level 13 in Fighting
 13361 | Lair:3   | Reached skill level 5 in Long Blades
 14127 | Lair:4   | Lost mutation: Your gelatinous body deflects attacks. (AC
                  | +3, EV +3) [Jiyva's grace]
 14127 | Lair:4   | Lost mutation: Your translucent skin slightly reduces your
                  | foes' accuracy. (Stealth+) [Jiyva's grace]
 14127 | Lair:4   | Lost mutation: Your melee attacks may engulf your foes in
                  | ooze. [Jiyva's grace]
 14127 | Lair:4   | Gained mutation: Your melee attacks may engulf your foes in
                  | ooze. [Jiyva's grace]
 14127 | Lair:4   | Gained mutation: You are robust. (+10% HP) [Jiyva's grace]
 14127 | Lair:4   | Gained mutation: You are very robust. (+20% HP) [Jiyva's
                  | grace]
 14127 | Lair:4   | Gained mutation: You are extremely robust. (+30% HP)
                  | [Jiyva's grace]
 14149 | Lair:3   | Reached skill level 1 in Evocations
 14593 | Lair:4   | Reached XP level 14. HP: 88/143 MP: 0/0
 14817 | Lair:4   | Found a runed translucent door.
 14820 | Lair:4   | Noticed themargong's ghost (journeyman TeAE)
 15920 | Lair:5   | Entered Level 5 of the Lair of Beasts
 15960 | Lair:5   | Reached skill level 10 in Long Blades
 16280 | Lair:5   | Reached XP level 15. HP: 121/149 MP: 0/0
 16280 | Lair:5   | Learned a level 6 spell: Simulacrum
 16612 | Lair:5   | Found a viscous altar of Jiyva.
 16613 | Lair:5   | Found a staircase to the Slime Pits.
 16944 | Lair:5   | Lost mutation: You are extremely robust. (+30% HP) [Jiyva's
                  | grace]
 16944 | Lair:5   | Lost mutation: You are very robust. (+20% HP) [Jiyva's
                  | grace]
 16944 | Lair:5   | Lost mutation: Your muscles are very strong. (Str +8,
                  | Int/Dex -2) [Jiyva's grace]
 16944 | Lair:5   | Lost mutation: Your pliable body absorbs attacks. (AC +2,
                  | EV +2) [Jiyva's grace]
 16944 | Lair:5   | Lost mutation: Your rubbery body absorbs attacks. (AC +1,
                  | EV +1) [Jiyva's grace]
 16944 | Lair:5   | Gained mutation: Your flesh is almost immune to the effects
                  | of heat. (rF+++) [Jiyva's grace]
 16944 | Lair:5   | Gained mutation: Armour fits poorly on your pseudopods.
                  | [Jiyva's grace]
 16944 | Lair:5   | Gained mutation: Armour fits poorly on your large
                  | pseudopods. [Jiyva's grace]
 16944 | Lair:5   | Gained mutation: Armour fits poorly on your massive
                  | pseudopods. [Jiyva's grace]
 17238 | Slime:1  | Entered Level 1 of the Pits of Slime
 17239 | Slime:1  | Noticed a rockslime
 17242 | Slime:1  | Noticed an acid blob
 17245 | Slime:1  | Noticed an azure jelly
 17248 | Slime:1  | Noticed a rockslime
 17250 | Slime:2  | Noticed an azure jelly
 17257 | Slime:3  | Noticed a rockslime
 17265 | Slime:4  | Noticed an azure jelly
 17275 | Slime:5  | Entered Level 5 of the Pits of Slime
 17276 | Slime:5  | Noticed an azure jelly
 17276 | Slime:5  | Noticed an azure jelly
 17283 | Slime:5  | Noticed an azure jelly
 17284 | Slime:5  | Noticed a rockslime
 17290 | Slime:5  | Found a viscous altar of Jiyva.
 17290 | Slime:5  | Noticed an acid blob
 17290 | Slime:5  | Found the +2 hood of the Assassin {Detect Stab+ Stlth++}
 17291 | Slime:5  | Noticed an azure jelly
 17291 | Slime:5  | Found the +5 scythe "Finisher" {speed, execute}
 17291 | Slime:5  | Found the +8 demon blade "Leech" {evervamp, Harm Drain rN+}
 17291 | Slime:5  | Noticed an acid blob
 17292 | Slime:5  | Noticed the Royal Jelly
 17293 | Slime:5  | Noticed an acid blob
 17295 | Slime:5  | Noticed an acid blob
 17302 | Slime:5  | Identified the ring "Nuicylid" {Fly rF++ Int+8 Dex-3
                  | Slay-3}
 17306 | Slime:5  | Noticed an azure jelly
 17311 | Slime:5  | Noticed a rockslime
 17315 | Slime:5  | Identified the +8 rapier of Dissatisfaction {holy, rElec
                  | rPois rN+}
 17318 | Slime:5  | Identified the ring of Nuuzitat {AC+4 Str+3 Slay+3}
 17321 | Slime:5  | Got a slimy rune of Zot
 17322 | Slime:5  | Identified the +1 ring mail "Icydiyz" {MP+9 Str+4 SInv}
 17334 | Slime:5  | Identified the +1 scale mail of Shadows and Fog {+Blink}
 17384 | Slime:3  | Noticed an acid blob
 17389 | Slime:3  | Noticed an acid blob
 17397 | Slime:2  | Noticed an azure jelly
 17397 | Slime:2  | Noticed a quicksilver ooze
 17406 | Slime:2  | Noticed an acid blob
 17410 | Slime:2  | Noticed an acid blob
 17421 | Slime:1  | Noticed an acid blob
 17425 | Slime:1  | Noticed a quicksilver ooze
 17683 | Orc:1    | Entered Level 1 of the Orcish Mines
 17861 | Orc:1    | Reached skill level 1 in Stealth
 18030 | Orc:2    | Entered Level 2 of the Orcish Mines
 18115 | Orc:2    | Found Ceeschugg's Jewellery Shoppe.
 18115 | Orc:2    | Noticed Saint Roka
 18142 | Orc:2    | Upgraded the game from 0.31-a0-8-gd14b0f4ee2 to
                  | 0.31-a0-14-gc80a10f4b6
 18302 | Orc:2    | Slimified Saint Roka
 18302 | Orc:2    | Saint Roka changed into Saint Roka the azure jelly
 18302 | Orc:2    | Noticed Saint Roka
 18411 | Orc:2    | Found Isupakh's Jewellery Emporium.
 18418 | Orc:2    | Found Imazo's Antique Armour Shop.
 18440 | Orc:2    | Found Lyclifu's Jewellery Emporium.
 18443 | Orc:2    | Bought a steaming leather armour for 273 gold pieces
 18443 | Orc:2    | Identified the +2 leather armour "Quej" {rC+} (You bought
                  | it in a shop on level 2 of the Orcish Mines)
 18443 | Orc:2    | Bought a pair of embroidered gloves for 292 gold pieces
 18546 | Orc:2    | Found a staircase to the Elven Halls.
 18955 | Spider:1 | Entered Level 1 of the Spider Nest
 18984 | Spider:1 | Reached skill level 5 in Stealth
 19072 | Spider:1 | Reached skill level 10 in Dodging
 19242 | Spider:1 | Found a frozen archway.
 19488 | Spider:1 | Reached XP level 16. HP: 130/133 MP: 0/0
 19809 | Spider:1 | Lost mutation: Your muscles are strong. (Str +4, Int/Dex
                  | -1) [Jiyva's grace]
 19809 | Spider:1 | Lost mutation: Armour fits poorly on your massive
                  | pseudopods. [Jiyva's grace]
 19809 | Spider:1 | Gained mutation: Your translucent skin slightly reduces
                  | your foes' accuracy. (Stealth+) [Jiyva's grace]
 19809 | Spider:1 | Gained mutation: Your translucent skin reduces your foes'
                  | accuracy. (Stealth+) [Jiyva's grace]
 19809 | Spider:1 | Gained mutation: Your transparent skin significantly
                  | reduces your foes' accuracy. (Stealth+) [Jiyva's grace]
 19809 | Spider:1 | Gained mutation: Your rubbery body absorbs attacks. (AC +1,
                  | EV +1) [Jiyva's grace]
 19810 | Spider:1 | Noticed Jorgrun
 19831 | Spider:1 | Killed Jorgrun
 19845 | Spider:1 | Noticed Frances
 20412 | Spider:2 | Noticed Arachne
 20446 | Spider:2 | Killed Arachne
 21430 | Spider:3 | Lost mutation: You have a small jelly attached to you that
                  | senses nearby items. [Jiyva's grace]
 21430 | Spider:3 | Lost mutation: Your melee attacks may engulf your foes in
                  | ooze. [Jiyva's grace]
 21430 | Spider:3 | Gained mutation: Armour fits poorly on your massive
                  | pseudopods. [Jiyva's grace]
 21430 | Spider:3 | Gained mutation: You have a small jelly attached to you
                  | that may absorb projectiles. [Jiyva's grace]
 21430 | Spider:3 | Gained mutation: You are agile. (Dex +4, Str/Int -1)
                  | [Jiyva's grace]
 21430 | Spider:3 | Gained mutation: You are very agile. (Dex +8, Str/Int -2)
                  | [Jiyva's grace]
 21547 | Spider:4 | Entered Level 4 of the Spider Nest
 21812 | Spider:4 | Identified a scroll of acquirement
 21813 | Spider:4 | Acquired the +2 buckler of the Black Moon {rN++}
 21840 | Spider:4 | Noticed Agnes
 21845 | Spider:4 | Killed Agnes
 21914 | Spider:4 | Reached skill level 1 in Shields
 21929 | Spider:4 | Reached skill level 14 in Fighting
 21942 | Spider:4 | Reached XP level 17. HP: 141/141 MP: 0/0
 21942 | Spider:4 | Learned a level 6 spell: Statue Form
 21975 | Spider:4 | Reached skill level 5 in Evocations
 22037 | Spider:4 | Reached skill level 10 in Spellcasting
 22133 | Spider:4 | Got a gossamer rune of Zot
 22321 | Spider:4 | Noticed Aizul
 22341 | Spider:4 | Killed Aizul
 22507 | Spider:4 | Noticed Mlioglotl
 22513 | Spider:4 | Killed Mlioglotl
 22721 | Spider:4 | Identified the +1 hand axe of Tiraopp {venom, Will- Str+2
                  | SInv}
 23031 | Shoals:1 | Entered Level 1 of the Shoals
 23079 | Shoals:1 | Reached skill level 5 in Shields
 23285 | Shoals:1 | Reached skill level 15 in Fighting
 23463 | Shoals:1 | Reached XP level 18. HP: 102/151 MP: 0/0
 23485 | Shoals:1 | Found a transporter.
 23501 | Shoals:1 | Found a transporter.
 23501 | Shoals:1 | Found the +3 crown of Dyrovepreva {rElec Int+2 SInv}
 23767 | Shoals:1 | Lost mutation: Your rubbery body absorbs attacks. (AC +1,
                  | EV +1) [Jiyva's grace]
 23767 | Shoals:1 | Lost mutation: You expend health (3 HP) to strengthen your
                  | wands. [Jiyva's grace]
 23767 | Shoals:1 | Gained mutation: Your muscles are strong. (Str +4, Int/Dex
                  | -1) [Jiyva's grace]
 23767 | Shoals:1 | Gained mutation: Your muscles are very strong. (Str +8,
                  | Int/Dex -2) [Jiyva's grace]
 23767 | Shoals:1 | Gained mutation: You are covered in fur. (AC +1) [Jiyva's
                  | grace]
 23767 | Shoals:1 | Gained mutation: You are covered in thick fur. (AC +2)
                  | [Jiyva's grace]
 24328 | Shoals:2 | Noticed a kraken
 24591 | Shoals:3 | Noticed Mara
 24603 | Shoals:3 | Killed Mara
 24631 | Shoals:3 | Noticed Ilsuiw
 24653 | Shoals:3 | Killed Ilsuiw
 24654 | Shoals:3 | Reached skill level 16 in Fighting
 24724 | Shoals:3 | Found a runed translucent gate.
 24729 | Shoals:3 | Found a runed translucent gate.
 24729 | Shoals:3 | Found a runed translucent gate.
 24733 | Shoals:3 | Noticed Mungiw's ghost (adept MiBe)
 24733 | Shoals:3 | Noticed Zyonedgh's ghost (adept DsMo)
 25122 | Shoals:4 | Entered Level 4 of the Shoals
 25159 | Shoals:4 | Found Elehel's Self-Improvement Boutique.
 25245 | Shoals:4 | Identified the amulet of Satti {Acrobat Harm rF+}
 25276 | Shoals:4 | Lost mutation: You are partially covered in iridescent
                  | scales. (AC +2) [Jiyva's grace]
 25276 | Shoals:4 | Lost mutation: You are covered in thick fur. (AC +2)
                  | [Jiyva's grace]
 25276 | Shoals:4 | Lost mutation: You are covered in fur. (AC +1) [Jiyva's
                  | grace]
 25276 | Shoals:4 | Lost mutation: Your muscles are very strong. (Str +8,
                  | Int/Dex -2) [Jiyva's grace]
 25276 | Shoals:4 | Lost mutation: Armour fits poorly on your massive
                  | pseudopods. [Jiyva's grace]
 25276 | Shoals:4 | Lost mutation: You have a small jelly attached to you that
                  | may absorb projectiles. [Jiyva's grace]
 25276 | Shoals:4 | Gained mutation: Your muscles are very strong. (Str +8,
                  | Int/Dex -2) [Jiyva's grace]
 25276 | Shoals:4 | Gained mutation: You have hidden genetic potential.
                  | [Jiyva's grace]
 25276 | Shoals:4 | Gained mutation: You have great hidden genetic potential.
                  | [Jiyva's grace]
 25276 | Shoals:4 | Gained mutation: Your body has grown eyes which may confuse
                  | attackers. (Acc +3) [Jiyva's grace]
 25278 | Shoals:4 | Noticed Bai Suzhen
 25294 | Shoals:4 | Killed Bai Suzhen
 25318 | Shoals:4 | Noticed Nikola
 25348 | Shoals:4 | Reached XP level 19. HP: 138/161 MP: 0/0
 25348 | Shoals:4 | Learned a level 7 spell: Orb of Destruction
 25388 | Shoals:4 | Reached skill level 17 in Fighting
 25895 | Shoals:4 | Killed Nikola
 25913 | Shoals:4 | Noticed Donald
 25924 | Shoals:4 | Killed Donald
 26115 | Shoals:4 | Got a barnacled rune of Zot
 26116 | Shoals:4 | Upgraded the game from 0.31-a0-14-gc80a10f4b6 to
                  | 0.31-a0-16-g6d2539766c
 26361 | Elf:1    | Entered Level 1 of the Elven Halls
 26706 | Elf:1    | Found Huecyhuc's Antique Weapon Shoppe.
 27181 | Elf:1    | Identified the +8 falchion "Vaiqad" {flame, rC+}
 27494 | Elf:2    | Found a flickering gateway to a bazaar.
 27638 | Elf:2    | Noticed Asterion
 27670 | Elf:2    | Killed Asterion
 27693 | Elf:2    | Reached skill level 18 in Fighting
 27717 | Elf:2    | Gained mutation: You are strong-willed. (Will+) [hidden
                  | potential]
 27948 | Elf:2    | Lost mutation: You are very agile. (Dex +8, Str/Int -2)
                  | [Jiyva's grace]
 27948 | Elf:2    | Lost mutation: Your transparent skin significantly reduces
                  | your foes' accuracy. (Stealth+) [Jiyva's grace]
 27948 | Elf:2    | Gained mutation: You are very robust. (+20% HP) [Jiyva's
                  | grace]
 27948 | Elf:2    | Gained mutation: You are extremely robust. (+30% HP)
                  | [Jiyva's grace]
 27948 | Elf:2    | Gained mutation: Your melee attacks may engulf your foes in
                  | ooze. [Jiyva's grace]
 27948 | Elf:2    | Gained mutation: You expend health (3 HP) to strengthen
                  | your wands. [Jiyva's grace]
 27990 | Elf:2    | Found a huge runed translucent gate.
 27990 | Elf:2    | Found a huge runed translucent gate.
 27990 | Elf:2    | Found a huge runed translucent gate.
 27993 | Elf:2    | Found a huge runed translucent gate.
 27994 | Elf:2    | Found a huge runed translucent gate.
 28298 | Elf:3    | Entered Level 3 of the Elven Halls
 28445 | Elf:3    | Noticed Zenata
 28452 | Elf:3    | Killed Zenata
 28485 | Elf:3    | Reached XP level 20. HP: 205/205 MP: 0/0
 28535 | Elf:3    | Reached skill level 1 in Throwing
 29103 | Elf:3    | Noticed a Brimstone Fiend
 29126 | Elf:3    | Noticed a Hell Sentinel
 29319 | Elf:3    | Paralysed by an air elemental for 1 turns
 29385 | Elf:3    | Reached skill level 19 in Fighting
 29392 | Elf:3    | Found the +5 Storm Queen's Shield {shock, Fly rElec}
 29420 | Elf:3    | Identified the staff of earth "Beywn" {rPois}
 29432 | Elf:3    | Identified the staff of conjuration "Zooluuho" {Int+3 SInv}
 29447 | Elf:3    | Found the +8 storm bow {elec, penet}
 29465 | Elf:3    | Identified the +10 scimitar of Rubbish {chaos, *Noise rCorr
                  | Str+2 Int+4}
 30055 | D:11     | Noticed Snorg
 30067 | D:11     | Killed Snorg
 30309 | D:11     | Reached skill level 1 in Armour
 30398 | D:11     | Noticed Harold
 30408 | D:11     | Killed Harold
 30860 | D:12     | Lost mutation: You are agile. (Dex +4, Str/Int -1) [Jiyva's
                  | grace]
 30860 | D:12     | Lost mutation: Armour fits poorly on your large pseudopods.
                  | [Jiyva's grace]
 30860 | D:12     | Lost mutation: Armour fits poorly on your pseudopods.
                  | [Jiyva's grace]
 30860 | D:12     | Gained mutation: Armour fits poorly on your pseudopods.
                  | [Jiyva's grace]
 30860 | D:12     | Gained mutation: Armour fits poorly on your large
                  | pseudopods. [Jiyva's grace]
 30860 | D:12     | Gained mutation: Armour fits poorly on your massive
                  | pseudopods. [Jiyva's grace]
 30860 | D:12     | Gained mutation: You are covered in fur. (AC +1) [Jiyva's
                  | grace]
 31379 | D:13     | Found a gate to the Vaults.
 31425 | D:13     | Found a basalt altar of Yredelemnul.
 31508 | D:13     | Found a gate leading to a gauntlet.
 31517 | Gauntlet | Entered a Gauntlet
 31517 | Gauntlet | Found a transporter.
 31517 | Gauntlet | Found a transporter.
 31518 | Gauntlet | Found a transporter.
 31529 | Gauntlet | Found a transporter.
 31532 | Gauntlet | Found a transporter.
 31540 | Gauntlet | Found a transporter.
 31543 | Gauntlet | Found a transporter.
 31551 | Gauntlet | Found a transporter.
 31605 | Gauntlet | Found a transporter.
 31650 | Gauntlet | Found a transporter.
 31653 | Gauntlet | Found a transporter.
 31667 | Gauntlet | Found a transporter.
 31678 | Gauntlet | Identified the ring "Vaaxewko" {rElec rN+}
 31766 | Gauntlet | Found the dreamshard necklace {*Dream Drain}
 31775 | Gauntlet | Identified the staff of cold "Cunimp" {rC+ Str-2 Dex+6
                  | SInv}
 31808 | D:13     | Found a runed translucent gate.
 31815 | D:13     | Found a runed translucent gate.
 31815 | D:13     | Noticed Pimp's ghost (journeyman DrFi)
 32076 | D:13     | Found a runed translucent gate.
 32118 | D:13     | Killed Pimp's ghost
 32182 | D:14     | Noticed Lodul
 32196 | D:14     | Killed Lodul
 32197 | D:14     | Reached XP level 21. HP: 215/215 MP: 0/0
 32197 | D:14     | Learned a level 7 spell: Summon Hydra
 32410 | D:14     | Lost mutation: Your flesh is almost immune to the effects
                  | of heat. (rF+++) [Jiyva's grace]
 32410 | D:14     | Lost mutation: You are strong-willed. (Will+) [Jiyva's
                  | grace]
 32410 | D:14     | Lost mutation: You are extremely robust. (+30% HP) [Jiyva's
                  | grace]
 32410 | D:14     | Lost mutation: You are covered in fur. (AC +1) [Jiyva's
                  | grace]
 32410 | D:14     | Lost mutation: Your muscles are very strong. (Str +8,
                  | Int/Dex -2) [Jiyva's grace]
 32410 | D:14     | Lost mutation: Your translucent skin reduces your foes'
                  | accuracy. (Stealth+) [Jiyva's grace]
 32410 | D:14     | Lost mutation: Your melee attacks may engulf your foes in
                  | ooze. [Jiyva's grace]
 32410 | D:14     | Gained mutation: You are strong-willed. (Will+) [Jiyva's
                  | grace]
 32410 | D:14     | Gained mutation: You are highly strong-willed. (Will++)
                  | [Jiyva's grace]
 32410 | D:14     | Gained mutation: You are extremely strong-willed. (Will+++)
                  | [Jiyva's grace]
 32410 | D:14     | Gained mutation: You are partially covered in iridescent
                  | scales. (AC +2) [Jiyva's grace]
 32651 | D:14     | Found a sparkling altar of Nemelex Xobeh.
 32800 | D:15     | Entered Level 15 of the Dungeon
 32879 | D:15     | Found a staircase to the Depths.
 32951 | D:15     | Noticed Azrael
 32967 | D:15     | Killed Azrael
 32989 | D:15     | Reached skill level 15 in Spellcasting
 32989 | D:15     | Reached XP level 22. HP: 210/210 MP: 0/0
 33005 | D:15     | Reached skill level 5 in Armour
 33416 | D:15     | Found a portal to a secret trove of treasure.
 33546 | Vaults:1 | Entered Level 1 of the Vaults
 33618 | Vaults:1 | Reached skill level 20 in Fighting
 33906 | Vaults:1 | Noticed a golden dragon
 33909 | Vaults:1 | Killed a golden dragon
 34156 | Vaults:1 | Found Vorhydue's Magic Scroll Boutique.
 34173 | Vaults:1 | Found Zuxkeol's Jewellery Boutique.
 34179 | Vaults:1 | Bought a scroll of fear for 52 gold pieces
 34179 | Vaults:1 | Bought a scroll of fear for 52 gold pieces
 34179 | Vaults:1 | Bought a scroll of summoning for 123 gold pieces
 34179 | Vaults:1 | Bought a scroll of summoning for 123 gold pieces
 34276 | Vaults:1 | Gained mutation: You are extremely robust. (+30% HP)
                  | [hidden potential]
 34276 | Vaults:1 | Lost mutation: You have great hidden genetic potential.
                  | [hidden potential expressed]
 34441 | Vaults:1 | Identified the ring of a Billion Ageing Hosts {rC+ Will+
                  | rCorr Str-5 Stlth+}
 34555 | Vaults:1 | Found Matueph's Distillery.
 34563 | Vaults:1 | Bought a potion of heal wounds for 55 gold pieces
 34563 | Vaults:1 | Bought a potion of haste for 110 gold pieces
 34563 | Vaults:1 | Bought a potion of experience for 550 gold pieces
 34563 | Vaults:1 | Reached XP level 23. HP: 236/236 MP: 0/0
 34563 | Vaults:1 | Learned a level 8 spell: Maxwell's Capacitive Coupling
 34620 | Vaults:1 | Found Rimiecor's Jewellery Emporium.
 35055 | Vaults:2 | Found a runed translucent gate.
 35055 | Vaults:2 | Found a runed translucent gate.
 35056 | Vaults:2 | Found a runed translucent gate.
 35079 | Vaults:2 | Noticed Reyb's ghost (veteran DsGl)
 35192 | Vaults:2 | Killed Reyb's ghost
 35316 | Vaults:2 | Lost mutation: You are extremely robust. (+30% HP) [Jiyva's
                  | grace]
 35316 | Vaults:2 | Lost mutation: You are very robust. (+20% HP) [Jiyva's
                  | grace]
 35316 | Vaults:2 | Lost mutation: Armour fits poorly on your massive
                  | pseudopods. [Jiyva's grace]
 35316 | Vaults:2 | Gained mutation: A frigid envelope surrounds you and
                  | freezes all who hurt you. [Jiyva's grace]
 35316 | Vaults:2 | Gained mutation: You are very robust. (+20% HP) [Jiyva's
                  | grace]
 35316 | Vaults:2 | Gained mutation: You are extremely robust. (+30% HP)
                  | [Jiyva's grace]
 35316 | Vaults:2 | Gained mutation: You have a small jelly attached to you
                  | that senses nearby items. [Jiyva's grace]
 35321 | Vaults:2 | Noticed Frederick
 35337 | Vaults:2 | Slimified Frederick
 35337 | Vaults:2 | Frederick changed into Frederick the azure jelly
 35337 | Vaults:2 | Noticed Frederick
 35358 | Vaults:2 | Identified the ring "Ogonyxt" {Dex+6 SInv}
 35443 | Vaults:2 | Noticed Jory
 35456 | Vaults:2 | Killed Jory
 35729 | Vaults:2 | Found a staircase to the Crypt.
 35797 | Vaults:2 | Reached XP level 24. HP: 245/245 MP: 0/0
 36010 | Vaults:2 | Identified the ring of Poxusawuss {rPois rC++ Int+4 Stlth-}
 36752 | Vaults:3 | Found Piwocecw's Book Shoppe.
 37499 | Vaults:4 | Lost mutation: You are extremely strong-willed. (Will+++)
                  | [Jiyva's grace]
 37499 | Vaults:4 | Lost mutation: Armour fits poorly on your large pseudopods.
                  | [Jiyva's grace]
 37499 | Vaults:4 | Gained mutation: You are agile. (Dex +4, Str/Int -1)
                  | [Jiyva's grace]
 37499 | Vaults:4 | Gained mutation: You are very agile. (Dex +8, Str/Int -2)
                  | [Jiyva's grace]
 37499 | Vaults:4 | Gained mutation: You are mostly covered in iridescent
                  | scales. (AC +4) [Jiyva's grace]
 37499 | Vaults:4 | Gained mutation: You are completely covered in iridescent
                  | scales. (AC +6) [Jiyva's grace]
 37629 | Vaults:4 | Identified the +11 scimitar of Shrieking Terror {freeze,
                  | *Rage rN+ rCorr}
 37648 | Vaults:4 | Gained mutation: Your spells are a little harder to cast,
                  | but a little more powerful. [hidden potential]
 38391 | Vaults:4 | Found a runed translucent door.
 38592 | Vaults:4 | Noticed Vogeir's ghost (veteran HuIE)
 38949 | Lair:4   | Killed themargong's ghost
 39450 | Shoals:1 | Identified the +0 helmet of the Countless Loafs {rPois}
 39787 | Spider:1 | Killed Frances
 40370 | Vaults:5 | Entered Level 5 of the Vaults
 40860 | Vaults:5 | Reached XP level 25. HP: 252/252 MP: 0/0
 40860 | Vaults:5 | Learned a level 8 spell: Disjunction
 41193 | Vaults:5 | Identified the +0 ring mail of Hijer {rPois rF- Dex+8
                  | Stlth-}
 41199 | Vaults:5 | Identified the staff of poison "Egroyph" {rPois Int+4}
 41232 | Vaults:5 | Identified the +0 scale mail of the Ace of Swords {Int+6}
 41304 | Vaults:5 | Lost mutation: You are completely covered in iridescent
                  | scales. (AC +6) [Jiyva's grace]
 41304 | Vaults:5 | Lost mutation: You are mostly covered in iridescent scales.
                  | (AC +4) [Jiyva's grace]
 41304 | Vaults:5 | Lost mutation: You are very agile. (Dex +8, Str/Int -2)
                  | [Jiyva's grace]
 41304 | Vaults:5 | Lost mutation: You are highly strong-willed. (Will++)
                  | [Jiyva's grace]
 41304 | Vaults:5 | Lost mutation: You are strong-willed. (Will+) [Jiyva's
                  | grace]
 41304 | Vaults:5 | Lost mutation: Your body has grown eyes which may confuse
                  | attackers. (Acc +3) [Jiyva's grace]
 41304 | Vaults:5 | Lost mutation: Armour fits poorly on your pseudopods.
                  | [Jiyva's grace]
 41304 | Vaults:5 | Lost mutation: You have hidden genetic potential. [Jiyva's
                  | grace]
 41304 | Vaults:5 | Gained mutation: You are resistant to electric shocks.
                  | (rElec) [Jiyva's grace]
 41304 | Vaults:5 | Gained mutation: You have acidic saliva. [Jiyva's grace]
 41304 | Vaults:5 | Gained mutation: You are mostly covered in iridescent
                  | scales. (AC +4) [Jiyva's grace]
 41304 | Vaults:5 | Gained mutation: You are completely covered in iridescent
                  | scales. (AC +6) [Jiyva's grace]
 41453 | Vaults:5 | Got a silver rune of Zot
 41520 | Vaults:5 | Found Purphoofe's General Store.
 41539 | Vaults:5 | Bought a scroll of poison for 48 gold pieces
 41539 | Vaults:5 | Bought a scroll of magic mapping for 90 gold pieces
 41558 | Vaults:5 | Identified the +1 hand axe of the Orb {distort, *Rage rElec
                  | rC++ rCorr}
 41646 | Vaults:5 | Noticed an ancient lich
 41676 | Vaults:5 | Killed an ancient lich
 41850 | Vaults:5 | Acquired 747 gold pieces
 41906 | Vaults:5 | Found Xenyc's Jewellery Shop.
 42215 | Vaults:5 | Identified the +7 mace of Gomn {freeze, rF+ Dex+2}
 42757 | Depths:1 | Entered Level 1 of the Depths
 42804 | Depths:1 | You are sucked into a shaft and drop 1 floor!
 42919 | Depths:2 | Found a gateway to Hell.
 42925 | Depths:2 | Found a one-way gate leading to the halls of Pandemonium.
 42950 | Depths:2 | Identified the +6 plate armour "Caixzing" {Str+3 Stlth+}
 43285 | Depths:2 | Found a one-way gate to the infinite horrors of the Abyss.
 43286 | Depths:2 | Lost mutation: You are extremely robust. (+30% HP) [Jiyva's
                  | grace]
 43286 | Depths:2 | Lost mutation: You are very robust. (+20% HP) [Jiyva's
                  | grace]
 43286 | Depths:2 | Lost mutation: Your spells are a little harder to cast, but
                  | a little more powerful. [Jiyva's grace]
 43286 | Depths:2 | Lost mutation: Your translucent skin slightly reduces your
                  | foes' accuracy. (Stealth+) [Jiyva's grace]
 43286 | Depths:2 | Gained mutation: You have a small jelly attached to you
                  | that may absorb projectiles. [Jiyva's grace]
 43286 | Depths:2 | Gained mutation: You are very agile. (Dex +8, Str/Int -2)
                  | [Jiyva's grace]
 43286 | Depths:2 | Gained mutation: You have a pair of small horns on your
                  | head. [Jiyva's grace]
 43286 | Depths:2 | Gained mutation: You have a pair of horns on your head.
                  | [Jiyva's grace]
 43399 | Depths:1 | Found a one-way gateway to a ziggurat.
 43670 | Depths:1 | Found a bloodstained altar of Trog.
 43746 | Depths:1 | Reached XP level 26. HP: 222/222 MP: 0/0
 44611 | Depths:3 | Reached skill level 10 in Shields
 44644 | Depths:3 | Identified the +0 scale mail of Space {rCorr}
 44794 | Depths:3 | Lost mutation: A frigid envelope surrounds you and freezes
                  | all who hurt you. [Jiyva's grace]
 44794 | Depths:3 | Lost mutation: You are robust. (+10% HP) [Jiyva's grace]
 44794 | Depths:3 | Lost mutation: Your muscles are strong. (Str +4, Int/Dex
                  | -1) [Jiyva's grace]
 44794 | Depths:3 | Lost mutation: You have acidic saliva. [Jiyva's grace]
 44794 | Depths:3 | Lost mutation: You have a small jelly attached to you that
                  | senses nearby items. [Jiyva's grace]
 44794 | Depths:3 | Gained mutation: You passively map a small area around you.
                  | [Jiyva's grace]
 44794 | Depths:3 | Gained mutation: You passively map the area around you.
                  | [Jiyva's grace]
 44794 | Depths:3 | Gained mutation: You passively map a large area around you.
                  | [Jiyva's grace]
 44794 | Depths:3 | Gained mutation: You are strong-willed. (Will+) [Jiyva's
                  | grace]
 44797 | Depths:3 | Upgraded the game from 0.31-a0-16-g6d2539766c to
                  | 0.31-a0-18-gea43df2a32
 45254 | Depths:3 | Identified the +0 leather armour "Hegho" {rC- Str+4}
 45333 | Depths:3 | Identified the +7 hand axe of the Keeping Whale {freeze,
                  | Fly Will+}
 45430 | Depths:3 | Identified the +0 ring mail of Boredom {Int+2}
 45858 | Depths:4 | Entered Level 4 of the Depths
 45858 | Depths:4 | Noticed a juggernaut
 45873 | Depths:4 | Killed a juggernaut
 46444 | Depths:4 | Reached skill level 21 in Fighting
 46486 | Depths:4 | Found a gate to the Realm of Zot.
 46502 | Depths:4 | Reached XP level 27. HP: 129/205 MP: 0/0
 46502 | Depths:4 | Learned a level 9 spell: Polar Vortex
 46638 | Depths:4 | Found Beteor's Book Boutique.
 46638 | Depths:4 | Found Weowomec's Jewellery Shoppe.
 46639 | Depths:4 | Found Imemuv Xyups's Book Boutique.
 47143 | Crypt:1  | Entered Level 1 of the Crypt
 47890 | Crypt:1  | You are sucked into a shaft and drop 1 floor!
 48199 | Crypt:2  | Identified the ring of Youthful Indiscretion {Ice Int+3}
 48199 | Crypt:2  | Noticed Josephina
 48446 | Crypt:2  | Killed Josephina
 48537 | Crypt:2  | Noticed Grunn
 48964 | Crypt:2  | Lost mutation: You are completely covered in iridescent
                  | scales. (AC +6) [Jiyva's grace]
 48964 | Crypt:2  | Lost mutation: You expend health (3 HP) to strengthen your
                  | wands. [Jiyva's grace]
 48964 | Crypt:2  | Gained mutation: You expend health (3 HP) to strengthen
                  | your wands. [Jiyva's grace]
 48964 | Crypt:2  | Gained mutation: Your flesh is almost immune to the effects
                  | of heat. (rF+++) [Jiyva's grace]
 48964 | Crypt:2  | Gained mutation: Your spells are a little harder to cast,
                  | but a little more powerful. [Jiyva's grace]
 48964 | Crypt:2  | Gained mutation: Your spells are harder to cast, but more
                  | powerful. [Jiyva's grace]
 49294 | Crypt:3  | Entered Level 3 of the Crypt
 49479 | Crypt:3  | Noticed Mennas
 49487 | Crypt:3  | Killed Mennas
 49533 | Crypt:3  | Found a staircase to the Tomb.
 50068 | Crypt:3  | Upgraded the game from 0.31-a0-18-gea43df2a32 to
                  | 0.31-a0-37-g98a128e1d9
 50171 | Crypt:3  | Acquired a manual of Long Blades
 50457 | Crypt:3  | Reached skill level 22 in Fighting
 50461 | Crypt:3  | Identified the +1 scimitar of Cualy {pain, rC++ Str+3}
 50462 | Crypt:3  | Identified the ring "Heit" {rC+ rN+ Will+ Dex+4}
 50462 | Crypt:3  | Identified the ring of Amiuvidd {+Blink rN+ Int+2 Dex+3}
 50577 | Crypt:2  | Killed Grunn
 50899 | Zot:1    | Entered Level 1 of the Realm of Zot
 51152 | Zot:1    | Identified the +3 dagger of the Dancing Gods {antimagic,
                  | rC++}
 51156 | Zot:1    | Noticed an orb of fire
 51167 | Zot:1    | Gained mutation: You sometimes lose your temper in combat.
                  | [an orb of fire]
 51176 | Zot:1    | Gained mutation: You are frail. (-10% HP) [an orb of fire]
 51177 | Zot:1    | Killed an orb of fire
 51181 | Zot:1    | Lost mutation: You are strong-willed. (Will+) [potion of
                  | mutation]
 51181 | Zot:1    | Lost mutation: You sometimes lose your temper in combat.
                  | [potion of mutation]
 51182 | Zot:1    | Lost mutation: You expend health (3 HP) to strengthen your
                  | wands. [potion of mutation]
 51182 | Zot:1    | Lost mutation: You are covered in slimy tendrils that may
                  | disarm your opponents. [potion of mutation]
 51182 | Zot:1    | Lost mutation: You have a small jelly attached to you that
                  | may absorb projectiles. [potion of mutation]
 51321 | Zot:1    | Reached skill level 15 in Long Blades
 52024 | Zot:1    | Lost mutation: You are very agile. (Dex +8, Str/Int -2)
                  | [Jiyva's grace]
 52024 | Zot:1    | Lost mutation: You are frail. (-10% HP) [Jiyva's grace]
 52024 | Zot:1    | Lost mutation: You passively map a large area around you.
                  | [Jiyva's grace]
 52024 | Zot:1    | Lost mutation: You are resistant to electric shocks.
                  | (rElec) [Jiyva's grace]
 52024 | Zot:1    | Gained mutation: You have hidden genetic potential.
                  | [Jiyva's grace]
 52024 | Zot:1    | Gained mutation: You have great hidden genetic potential.
                  | [Jiyva's grace]
 52024 | Zot:1    | Gained mutation: Your mind is acute. (Int +4, Str/Dex -1)
                  | [Jiyva's grace]
 52024 | Zot:1    | Gained mutation: Your mind is very acute. (Int +8, Str/Dex
                  | -2) [Jiyva's grace]
 52058 | Zot:1    | Reached skill level 5 in Throwing
 52326 | Zot:1    | Identified the amulet "Gutty" {RegenMP Int+3}
 52328 | Zot:1    | Identified the +10 shortbow of Freezing Integrity {drain,
                  | Str-2 Dex+5}
 52565 | Zot:2    | Noticed an orb of fire
 52837 | Zot:2    | Killed an orb of fire
 53648 | Zot:2    | Found a runed translucent door.
 53649 | Zot:2    | Noticed Zeaxzic Paph's ghost (veteran OgBe)
 54047 | Zot:3    | Noticed an orb of fire
 54061 | Zot:3    | Killed an orb of fire
 54133 | Zot:3    | Identified the +9 hand axe of Meytrose {flame, *Slow rElec
                  | rPois rN+}
 54232 | Zot:3    | Lost mutation: You have a pair of horns on your head.
                  | [Jiyva's grace]
 54232 | Zot:3    | Lost mutation: You are mostly covered in iridescent scales.
                  | (AC +4) [Jiyva's grace]
 54232 | Zot:3    | Lost mutation: You are partially covered in iridescent
                  | scales. (AC +2) [Jiyva's grace]
 54232 | Zot:3    | Lost mutation: Your spells are harder to cast, but more
                  | powerful. [Jiyva's grace]
 54232 | Zot:3    | Lost mutation: Your spells are a little harder to cast, but
                  | a little more powerful. [Jiyva's grace]
 54232 | Zot:3    | Lost mutation: You have great hidden genetic potential.
                  | [Jiyva's grace]
 54232 | Zot:3    | Gained mutation: Your muscles are strong. (Str +4, Int/Dex
                  | -1) [Jiyva's grace]
 54232 | Zot:3    | Gained mutation: Your muscles are very strong. (Str +8,
                  | Int/Dex -2) [Jiyva's grace]
 54232 | Zot:3    | Gained mutation: You are covered in slimy tendrils that may
                  | disarm your opponents. [Jiyva's grace]
 54232 | Zot:3    | Gained mutation: You are partially covered in iridescent
                  | scales. (AC +2) [Jiyva's grace]
 54379 | Zot:3    | Reached skill level 10 in Evocations
 55553 | Zot:4    | Identified the +0 leather armour of the Lair of Beasts
                  | {rC++}
 55756 | Zot:5    | Entered Level 5 of the Realm of Zot
 55772 | Zot:5    | Found a transporter.
 55772 | Zot:5    | Noticed Sobieck's ghost (master DECj)
 55784 | Zot:5    | Found a transporter.
 56765 | Zig:1    | Entered Level 1 of a ziggurat
 56785 | Zig:2    | Entered Level 2 of a ziggurat
 56813 | Zig:3    | Entered Level 3 of a ziggurat
 56828 | Zig:3    | Gained mutation: You are resistant to electric shocks.
                  | (rElec) [hidden potential]
 56848 | Zig:3    | Identified the +3 long sword of Truncation {vamp, Int+3}
 56870 | Zig:4    | Entered Level 4 of a ziggurat
 56893 | Zig:4    | Identified the staff of air "Nexeuly" {*Slow rElec Str+3
                  | Int+5 SInv}
 56894 | Zig:4    | Identified the +2 short sword "Bimuunn" {freeze, rElec rF+
                  | Str+5 Int-5}
 56978 | Zig:5    | Entered Level 5 of a ziggurat
 56983 | Zig:5    | Noticed a shard shrike
 56989 | Zig:5    | Killed a shard shrike
 57036 | Zig:6    | Entered Level 6 of a ziggurat
 57051 | Zig:6    | Reached skill level 23 in Fighting
 57082 | Zig:6    | Identified the ring of Axkom {Str+3 Int-5 Dex+6}
 57093 | Zig:7    | Entered Level 7 of a ziggurat
 57093 | Zig:7    | Lost mutation: You have a pair of small horns on your head.
                  | [Jiyva's grace]
 57093 | Zig:7    | Lost mutation: Your mind is very acute. (Int +8, Str/Dex
                  | -2) [Jiyva's grace]
 57093 | Zig:7    | Lost mutation: You are covered in slimy tendrils that may
                  | disarm your opponents. [Jiyva's grace]
 57093 | Zig:7    | Gained mutation: You have a small jelly attached to you
                  | that senses nearby items. [Jiyva's grace]
 57093 | Zig:7    | Gained mutation: You have supernaturally acute eyesight.
                  | (SInv) [Jiyva's grace]
 57093 | Zig:7    | Gained mutation: Armour fits poorly on your pseudopods.
                  | [Jiyva's grace]
 57093 | Zig:7    | Gained mutation: Armour fits poorly on your large
                  | pseudopods. [Jiyva's grace]
 57116 | Zig:7    | Identified the staff of fire "Uleusm" {*Corrode rF+ rN+++
                  | Will+++ MP+9}
 57163 | Zig:8    | Entered Level 8 of a ziggurat
 57244 | Zig:8    | Identified the +7 mace of Chaos {heavy, rF- rN++}
 57265 | Zig:9    | Entered Level 9 of a ziggurat
 57561 | Hell     | Entered the Vestibule of Hell
 57950 | Hell     | Noticed Geryon
 57981 | Hell     | Killed Geryon
 58353 | Hell     | Found a gateway to the freezing wastes of Cocytus.
 58423 | Hell     | Found a gateway to the Iron City of Dis.
 58463 | Hell     | Found a gateway to the ashen valley of Gehenna.
 58508 | Hell     | Found a gateway to the decaying netherworld of Tartarus.
 58654 | Pan      | Entered Pandemonium
 58863 | Pan      | Upgraded the game from 0.31-a0-37-g98a128e1d9 to
                  | 0.31-a0-45-g5f0c076935
 59243 | Pan      | Gained mutation: Your body sometimes deteriorates upon
                  | taking damage. [a neqoxec]
 59516 | Pan      | Noticed Gaezxysi the pandemonium lord
 59725 | Pan      | Gained mutation: You sometimes lose your temper in combat.
                  | [a neqoxec]
 59736 | Pan      | Killed Gaezxysi the pandemonium lord
 60115 | Pan      | Got a demonic rune of Zot
 60255 | Pan      | Lost mutation: You are agile. (Dex +4, Str/Int -1) [Jiyva's
                  | grace]
 60255 | Pan      | Lost mutation: You have hidden genetic potential. [Jiyva's
                  | grace]
 60255 | Pan      | Gained mutation: You have acidic saliva. [Jiyva's grace]
 60255 | Pan      | Gained mutation: Armour fits poorly on your massive
                  | pseudopods. [Jiyva's grace]
 60255 | Pan      | Gained mutation: You are agile. (Dex +4, Str/Int -1)
                  | [Jiyva's grace]
 60255 | Pan      | Gained mutation: You are very agile. (Dex +8, Str/Int -2)
                  | [Jiyva's grace]
 60509 | Pan      | Noticed Avooz the pandemonium lord
 60521 | Pan      | Killed Avooz the pandemonium lord
 61532 | Pan      | Reached skill level 10 in Throwing
 61550 | Pan      | Noticed Riolisa the pandemonium lord
 61713 | Pan      | Killed Riolisa the pandemonium lord
 62119 | Pan      | Reached skill level 10 in Armour
 62245 | Pan      | Gained mutation: You occasionally lose the ability to read
                  | scrolls when taking damage. [a neqoxec]
 62248 | Pan      | Gained mutation: You have an uncontrollable temper. [a
                  | neqoxec]
 62773 | Pan      | Gained mutation: Armour fits poorly on your strangely
                  | shaped body. [a cacodemon]
 62792 | Pan      | Lost mutation: Armour fits poorly on your massive
                  | pseudopods. [potion of mutation]
 62792 | Pan      | Lost mutation: You passively map the area around you.
                  | [potion of mutation]
 62792 | Pan      | Gained mutation: You are somewhat resistant to further
                  | mutation. [potion of mutation]
 63863 | Pan      | Lost mutation: You are very agile. (Dex +8, Str/Int -2)
                  | [Jiyva's grace]
 63863 | Pan      | Lost mutation: You have an uncontrollable temper. [Jiyva's
                  | grace]
 63863 | Pan      | Lost mutation: Your mind is acute. (Int +4, Str/Dex -1)
                  | [Jiyva's grace]
 63863 | Pan      | Lost mutation: Your body sometimes deteriorates upon taking
                  | damage. [Jiyva's grace]
 63863 | Pan      | Lost mutation: Your muscles are very strong. (Str +8,
                  | Int/Dex -2) [Jiyva's grace]
 63863 | Pan      | Gained mutation: Your rubbery body absorbs attacks. (AC +1,
                  | EV +1) [Jiyva's grace]
 63863 | Pan      | Gained mutation: Your pliable body absorbs attacks. (AC +2,
                  | EV +2) [Jiyva's grace]
 63863 | Pan      | Gained mutation: Your gelatinous body deflects attacks. (AC
                  | +3, EV +3) [Jiyva's grace]
 63863 | Pan      | Gained mutation: You are robust. (+10% HP) [Jiyva's grace]
 63943 | Pan      | Noticed Gukliula the pandemonium lord
 63949 | Pan      | Killed Gukliula the pandemonium lord
 64510 | Pan      | Identified the ring "Dyots" {rPois rN+ MP+9 EV+5 Str-3}
 65113 | Pan      | Noticed Caudyop the pandemonium lord
 65400 | Pan      | Killed Caudyop the pandemonium lord
 65741 | Pan      | Noticed Vagumenya the pandemonium lord
 65760 | Pan      | Killed Vagumenya the pandemonium lord
 65807 | Pan      | Gained mutation: You occasionally shout uncontrollably at
                  | your foes. [a neqoxec]
 65814 | Pan      | Gained mutation: You have an uncontrollable temper. [a
                  | neqoxec]
 66757 | Pan      | Noticed Boant the pandemonium lord
 66766 | Pan      | Noticed Ignacio
 67077 | Pan      | Killed Boant the pandemonium lord
 67211 | Pan      | Reached skill level 15 in Dodging
 67299 | Pan      | Killed Ignacio
 67435 | Pan      | Lost mutation: You are agile. (Dex +4, Str/Int -1) [Jiyva's
                  | grace]
 67435 | Pan      | Lost mutation: You have an uncontrollable temper. [Jiyva's
                  | grace]
 67435 | Pan      | Lost mutation: You occasionally shout uncontrollably at
                  | your foes. [Jiyva's grace]
 67435 | Pan      | Lost mutation: You are resistant to electric shocks.
                  | (rElec) [Jiyva's grace]
 67435 | Pan      | Lost mutation: You have acidic saliva. [Jiyva's grace]
 67435 | Pan      | Lost mutation: Your gelatinous body deflects attacks. (AC
                  | +3, EV +3) [Jiyva's grace]
 67435 | Pan      | Lost mutation: Armour fits poorly on your large pseudopods.
                  | [Jiyva's grace]
 67435 | Pan      | Gained mutation: Your spells are a little harder to cast,
                  | but a little more powerful. [Jiyva's grace]
 67435 | Pan      | Gained mutation: Your spells are harder to cast, but more
                  | powerful. [Jiyva's grace]
 67435 | Pan      | Gained mutation: Your spells are much harder to cast, but
                  | much more powerful. [Jiyva's grace]
 67435 | Pan      | Gained mutation: Your muscles are very strong. (Str +8,
                  | Int/Dex -2) [Jiyva's grace]
 67779 | Pan      | Found a runed translucent door.
 67805 | Pan      | Found a runed translucent door.
 67823 | Pan      | Found a runed translucent door.
 67898 | Pan      | Found a runed translucent door.
 68799 | Pan      | Reached skill level 24 in Fighting
 69033 | Pan      | Noticed Ovumagoa the pandemonium lord
 69082 | Pan      | Killed Ovumagoa the pandemonium lord
 69097 | Pan      | Identified the ring "Usit" {rF+ Str+2 Dex+3 Stlth+}
 69128 | Pan      | Found an exit through the horrors of the Abyss.
 69439 | Depths:1 | Escaped Pandemonium
 69827 | Zot:5    | Noticed a Killer Klown
 69827 | Zot:5    | Noticed a Killer Klown
 69847 | Zot:5    | Reached skill level 25 in Fighting
 69852 | Zot:5    | Killed a Killer Klown
 69852 | Zot:5    | Noticed a Killer Klown
 69873 | Zot:5    | Noticed a Killer Klown
 69873 | Zot:5    | Noticed a Killer Klown
 69877 | Zot:5    | Noticed an orb of fire
 69881 | Zot:5    | Killed a Killer Klown
 69884 | Zot:5    | Noticed a dread lich
 69891 | Zot:5    | Killed a Killer Klown
 69905 | Zot:5    | Noticed an ancient lich
 69921 | Zot:5    | Killed an orb of fire
 69935 | Zot:5    | Killed a dread lich
 69943 | Zot:5    | Killed an ancient lich
 69956 | Zot:5    | Killed a Killer Klown
 69959 | Zot:5    | Killed a Killer Klown
 69967 | Zot:5    | Reached skill level 26 in Fighting
 69977 | Zot:5    | Noticed an orb of fire
 69979 | Zot:5    | Noticed a Killer Klown
 69985 | Zot:5    | Noticed a Killer Klown
 69986 | Zot:5    | Killed an orb of fire
 69990 | Zot:5    | Noticed a Killer Klown
 69998 | Zot:5    | Killed a Killer Klown
 70002 | Zot:5    | Noticed an ancient lich
 70006 | Zot:5    | Got the Orb of Zot
 70007 | Zot:5    | Killed a Killer Klown
 70010 | Zot:5    | Killed an ancient lich
 70011 | Zot:5    | Killed a Killer Klown
 70019 | Zot:5    | Noticed a dread lich
 70036 | Zot:5    | Killed a dread lich
 70041 | Zot:5    | HP: 8/248 [balrug/divine providence (10)]
 70047 | Zot:5    | HP: 4/248 [sun demon[a balrug] (7)]
 70047 | Zot:5    | HP: 1/248 [sun demon[a balrug] (3)]
 70139 | Zot:5    | Identified the +2 leather armour of the Shrike {Fly Dex+3
                  | Slay+6}
 70164 | Zot:5    | Reached skill level 27 in Fighting
 70734 | D:12     | Noticed a seraph
 70746 | D:12     | Killed a seraph
 71005 | D:5      | Noticed Herehits the pandemonium lord
 71010 | D:5      | Killed Herehits the pandemonium lord
 71171 | D:$      | Escaped with the Orb!

Illustrated notes

Levels and vault maps discovered:
D:1:      psy_arrival_spokes, layout_rooms, serial_rivers,
          chequers_serial_rivers_large_b, chequers_serial_rivers_small_b,
          chequers_serial_rivers_micro_b, chequers_serial_rivers_micro_d,
          chequers_serial_rivers_room_a, chequers_serial_rivers_marsh,
          ebering_ecumenical_altar_mist
D:2:      layout_loops_cross, serial_shops, nicolae_shop_just_a_little_nook,
          uniq_jessica
D:3:      layout_basic, ebering_ghost_sewer_f, uniq_grinder
D:4:      layout_gridville, kiku_gazebo_garden_becter
D:5:      layout_loops_cross
D:6:      layout_basic, marbit_many_paths, minmay_temple_entry_statues_fountains
D:7:      layout_basic, kennysheep_mini, kennysheep_mini_moat
D:8:      layout_loops_corners, evilmike_ruin_ashenzari, serial_shops, shop,
          uniq_maurice
D:9:      layout_irregular_city, nicolae_overflow_hidden_temple, erik_orc_1
D:10:     layout_roguey, erik_lair_orcish_takeover
D:11:     layout_basic, minmay_misc_feat_secret_circle, minmay_misc_feat_rows,
          uniq_snorg, uniq_harold
D:12:     layout_basic
D:13:     layout_roguey, grunt_vaults_entry_fortified, gauntlet_entry_generic,
          gammafunk_ghost_nasty_kobolds, yredelemnul_altar_generic
D:14:     layout_roguey, nemelex_altar_shiori, uniq_lodul
D:15:     grunt_enter_depths_giant_problem, layout_basic, abandoned_shop,
          nicolae_trove_entry_diagonal, uniq_azrael
Lair:1:   layout_gridlike, nicolae_volcano_entry_lava_flow, beast_lair_carwin_4,
          uniq_fannar, uniq_maggie
Lair:2:   layout_hall_layers, minmay_shoals_entry_centaurs,
          spider_nest_entry_rubble, lemuel_fruit_tree, grunt_megastairs_3
Lair:3:   layout_cave_pods, minivault_26, st_stairs_6, serial_bayou_lagoon_a,
          uniq_urug
Lair:4:   regret_index_wax_grids, layout_cave_pods, gammafunk_ghost_grave,
          grunt_megastairs_2, lemuel_fruit_fields
Lair:5:   minmay_lair_end_frog_pond, layout_cave_pods, slime_entry_1
Shoals:1: gammafunk_sealed_arena, layout_shoals
Shoals:2: layout_shoals, lemuel_altar_in_water
Shoals:3: layout_shoals, gammafunk_ghost_cemetery, st_cyclops, uniq_ilsuiw,
          uniq_mara
Shoals:4: shoals_end_grunt_garden, layout_shoals, shoals_ilsuiw_ice,
          nicolae_shop_self_help, uniq_bai_suzhen, uniq_donald, uniq_nikola
Spider:1: layout_cave_pods, portal_ice_cave_entry_ice_statue_two, drop_trap,
          uniq_jorgrun, uniq_frances
Spider:2: layout_spider_delve, uniq_arachne
Spider:3: layout_spider_delve, drop_trap
Spider:4: grunt_spider_rune_circles, nicolae_spider_jagged_tunnels, uniq_agnes,
          uniq_mlioglotl, uniq_aizul
Slime:1:  layout_caves, cheibrodos_slime_lost_civilization_4
Slime:2:  layout_caves
Slime:3:  layout_caves, cheibrodos_slime_lost_civilization_7
Slime:4:  nicolae_slime_jelly_donut, layout_caves
Slime:5
Orc:1:    layout_caves
Orc:2:    st_orc_open, layout_diamond_mine, uniq_saint_roka
Elf:1:    layout_onion_city, serial_shops, shop, minmay_elf_necromancy,
          bh_hangedman_babel_library
Elf:2:    elven_hall_of_blades_hangedman_alternative
          [nicolae_blade_entry_antechamber], layout_gridlike, serial_shops,
          bzr_entry_road, drop_trap, nicolae_elf_crossing_hall, uniq_asterion
Elf:3:    minmay_elf_hall_four_x, layout_onion_city, uniq_zenata
Vaults:1: nicolae_vaults_shock_wave, nicolae_vaults_wine_cellar,
          nicolae_vaults_closet_pinwheel_3, nicolae_vaults_house_3,
          nicolae_vaults_tangram_2, nicolae_vaults_little_squares_1,
          vaults_standard_mumra_enter_the_diamond,
          nicolae_vaults_closet_pinwheel_3, nicolae_vaults_trapezoid_3,
          nicolae_vaults_house_1, hangedman_vaults_capsules,
          ontoclasm_vaults_chip, v_misc_22, layout_vaults_big_cross,
          serial_shops, nicolae_shop_tiny_waterfront, nicolae_shop_stone,
          shop_statue, nicolae_lakefront_shop
Vaults:2: gammafunk_ghost_spectres, nicolae_vaults_murder_corner, v_misc_29,
          nicolae_vaults_trapezoid_lopsided_1, ontoclasm_vaults_pinch,
          blue_anna_dwarven_crypt, nicolae_vaults_trapezoid_1,
          layout_vaults_omnigrid, uniq_frederick, uniq_jory
Vaults:3: ontoclasm_vaults_ligature, nicolae_vaults_mush_room,
          ontoclasm_vaults_fault, v_alt_pattern_6, nicolae_vaults_tetromino_Z_2,
          grunt_vaults_swirl, ontoclasm_vaults_claustrophobia,
          nicolae_vaults_trapezoid_3, vaults_dpeg_encased_lava,
          vaults_mumra_lcd, layout_vaults_ring, serial_shops,
          nicolae_diamond_shop
Vaults:4: ebering_ghost_reflecting_pool, nicolae_vaults_little_ls, v_pattern_3,
          nicolae_vaults_apartment_1, nicolae_vaults_rhombus_5,
          vaults_room_corners, layout_vaults_chaotic_city, uniq_margery
Vaults:5
Crypt:1:  layout_rooms
Crypt:2:  layout_chaotic_city, uniq_josephina, uniq_grunn
Crypt:3:  due_elkab, layout_chaotic_city, uniq_mennas
Depths:1: layout_forbidden_donut, enter_ziggurat_e, rand_demon_pan_entry_8,
          hex_medium, hell_entry, nrook_campfire, evilmike_spriggan_trog_shrine
Depths:2: minmay_cut_squares, layout_gridlike, hangedman_coc_ice_floe,
          abyss_entry, pan_entry
Depths:3: minmay_the_grid_octo_2x2 [minmay_the_grid_octo_fat_diamond,
          minmay_the_grid_octo_toaster, minmay_the_grid_octo_thin_diamonds,
          minmay_the_grid_octo_prize_ultimate_mussel_roller], layout_gridlike,
          hell_entry, serial_sigils_hangedman_scar, marbit_kobold_abyss_entry
Depths:4: grunt_crosshair, layout_honeycomb, hell_entry,
          grunt_pan_entry_in_and_out, minmay_shop_grove
Hell
Zot:1:    gammafunk_mikee_crab_dinner, layout_onion_interference,
          grunt_ministairs_6
Zot:2:    grunt_twist_and_shout, layout_onion_interference,
          gammafunk_ghost_grave
Zot:3:    dreamdust_black_sun_cult, layout_gridville
Zot:4:    layout_concentric_octagons
Zot:5:    layout_misc_corridors, gammafunk_ghost_arena

Skill      XL: |  1  2  3  4  5  6  7  8  9 10 11 12 13 14 15 16 17 18 19 20 21 22 23 24 25 26 27 |
---------------+----------------------------------------------------------------------------------+-----
Fighting       | 2 3 4 6 7 9 10 12 13 14 15 16 18 19 20 21 27 | 27.0
Dodging        | 3 4 5 7 10 12 18 | 18.1
Unarmed Combat | 4 |  4.0
Short Blades   | 1 2 3 5 6 7 9 10 | 10.0
Spellcasting   | 3 5 6 8 9 10 12 13 14 15 16 18 20 21 | 21.0
Long Blades    | 2 6 11 12 13 18 | 18.2
Evocations     | 2 4 7 8 14 | 14.0
Stealth        | 5 8 |  8.0
Shields        | 1 5 9 10 14 | 14.0
Throwing       | 4 12 | 12.0
Armour         | 3 4 7 8 12 | 12.0

Action                     |  1- 3 |  4- 6 |  7- 9 | 10-12 | 13-15 | 16-18 | 19-21 | 22-24 | 25-27 || total
---------------------------+-------+-------+-------+-------+-------+-------+-------+-------+-------++-------
  Melee: Short sword       |   115 |   159 |   427 |   984 |       |       |       |       |       ||  1685
         Unarmed           |    12 |       |       |       |       |       |       |       |    19 ||    31
         Headbutt          |     4 |     2 |    31 |   162 |    22 |       |       |       |   657 ||   878
         Punch             |     3 |     6 |    18 |    41 |    39 |    12 |       |       |       ||   119
         Scimitar          |       |       |       |    67 |   919 |       |       |       |       ||   986
         Demon blade       |       |       |       |       |   266 |   844 |   726 |   705 |  3832 ||  6373
         Pseudopods        |       |       |       |       |    55 |   219 |   197 |   249 |   678 ||  1398
         Bite              |       |       |       |       |       |       |       |       |   243 ||   243
  Throw: Javelin           |       |       |       |       |     6 |       |       |       |    23 ||    29
         Throwing net      |       |       |       |       |     1 |       |       |       |     3 ||     4
         Boomerang         |       |       |       |       |       |     9 |     8 |       |    11 ||    28
         Dart              |       |       |       |       |       |       |     4 |     1 |     1 ||     6
   Cast: Beastly Appendage |     6 |     3 |     5 |    11 |     5 |       |       |       |       ||    30
         Sting             |       |       |     5 |     3 |     2 |       |       |       |       ||    10
         Blink             |       |       |     1 |     3 |     2 |     2 |     1 |     3 |     8 ||    20
         Searing Ray       |       |       |       |     2 |     2 |     9 |       |       |     1 ||    14
         Wereblood         |       |       |       |     1 |     4 |       |       |       |       ||     5
         Spider Form       |       |       |       |     1 |       |       |       |       |       ||     1
         Arcjolt           |       |       |       |       |     7 |       |       |       |     1 ||     8
         Summon Forest     |       |       |       |       |     1 |     2 |     1 |       |     7 ||    11
         Statue Form       |       |       |       |       |       |       |       |     2 |     2 ||     4
         Summon Hydra      |       |       |       |       |       |       |       |       |    22 ||    22
         Orb of Destructio |       |       |       |       |       |       |       |       |    11 ||    11
         Maxwell's Capacit |       |       |       |       |       |       |       |       |     2 ||     2
         Ice Form          |       |       |       |       |       |       |       |       |     1 ||     1
 Invoke: Oozemancy         |       |       |     1 |     1 |     6 |     2 |     4 |    10 |    19 ||    43
         Slimify           |       |       |       |       |     1 |       |       |     1 |     3 ||     5
  Evoke: Wand              |       |       |       |    10 |     3 |       |     4 |     1 |    35 ||    53
         Lightning rod     |       |       |       |       |       |       |     8 |       |     2 ||    10
         Box of beasts     |       |       |       |       |       |       |       |     1 |     4 ||     5
         Phantom mirror    |       |       |       |       |       |       |       |     1 |     4 ||     5
         Horn of Geryon    |       |       |       |       |       |       |       |       |     4 ||     4
    Use: Scroll            |       |    10 |     4 |     5 |     5 |     8 |     6 |     3 |    32 ||    73
         Potion            |       |     2 |     2 |     5 |     2 |       |     4 |     1 |    39 ||    55
   Stab: Sleeping          |       |     1 |       |     4 |    21 |    64 |    37 |    24 |    64 ||   215
         Distracted        |       |       |     2 |    16 |     3 |    13 |     8 |     3 |    63 ||   108
         Confused          |       |       |       |     1 |       |       |     3 |     4 |     2 ||    10
         Invisible         |       |       |       |     8 |       |       |     1 |       |     7 ||    16
 Armour: Robe              |    17 |    14 |       |       |    73 |   138 |    61 |    91 |   179 ||   573
         Leather armour    |       |     8 |    46 |    78 |       |       |       |       |   406 ||   538
         Steam dragon scal |       |       |       |    43 |   198 |       |       |       |       ||   241
         Skin              |       |       |       |       |       |       |       |     9 |    22 ||    31
  Dodge: Dodged            |    84 |   127 |   212 |   537 |   867 |   704 |   434 |   312 |  1607 ||  4884
  Block: Other             |       |       |    34 |   157 |   259 |    52 |       |       |     3 ||   505
         Reflection        |       |       |       |       |     1 |    30 |    71 |    66 |    69 ||   237
         Buckler           |       |       |       |       |       |   372 |   278 |       |       ||   650
         Kite shield       |       |       |       |       |       |       |   178 |   643 |  3668 ||  4489

Table legend: (Time is in decaauts)
 A = Elapsed time spent in this place.
 B = Non-inter-level travel time spent in this place.
 C = Inter-level travel time spent in this place.
 D = Time resting spent in this place.
 E = Time spent auto-exploring this place.
 F = Levels seen in this place.
 G = Mean time per level.
                   A        B        C        D        E       F      G
               +--------+--------+--------+--------+--------+-----+--------+
         Total |  69170 |  63337 |   5833 |   9663 |  27839 |  76 |  910.1 |
       Dungeon |  14475 |  12567 |   1908 |   1239 |   7759 |  15 |  965.0 |
          Lair |   7334 |   6634 |    700 |   1246 |   2916 |   5 | 1466.8 |
        Shoals |   3624 |   3155 |    469 |     27 |   1196 |   4 |  906.0 |
   Spider Nest |   4099 |   3929 |    170 |    612 |   1536 |   4 | 1024.8 |
    Slime Pits |    188 |    174 |     14 |      0 |      0 |   5 |   37.6 |
  Orcish Mines |   1134 |   1010 |    124 |     66 |    433 |   2 |  567.0 |
   Elven Halls |   3397 |   3221 |    176 |     77 |   1756 |   3 | 1132.3 |
        Vaults |   7848 |   7101 |    747 |    831 |   3845 |   5 | 1569.6 |
         Crypt |   3257 |   3121 |    136 |    694 |   1073 |   3 | 1085.7 |
        Depths |   5312 |   4570 |    742 |    618 |   2250 |   4 | 1328.0 |
          Hell |    586 |    573 |     13 |     24 |    183 |   1 |  586.0 |
           Zot |   5910 |   5280 |    630 |   1049 |   2296 |   5 | 1182.0 |
   Pandemonium |  10670 |  10670 |      0 |   2841 |   2595 |   9 | 1185.6 |
      Ziggurat |    525 |    525 |      0 |    110 |      0 |   9 |   58.3 |
       Volcano |    543 |    543 |      0 |    226 |      0 |   1 |  543.0 |
      Gauntlet |    261 |    261 |      0 |      0 |      0 |   1 |  261.0 |
               +--------+--------+--------+--------+--------+-----+--------+

Top non-repeatable levels by time:
Depths:1: 2143 daAuts
Vaults:4: 1958 daAuts
  Lair:3: 1895 daAuts
  Lair:4: 1773 daAuts
   Zot:1: 1765 daAuts
Vaults:2: 1700 daAuts
Vaults:5: 1496 daAuts
Vaults:1: 1479 daAuts
Depths:3: 1413 daAuts
   Elf:3: 1390 daAuts
Spider:1: 1388 daAuts
  Lair:5: 1371 daAuts
     D:1: 1340 daAuts
   Zot:2: 1325 daAuts
Spider:4: 1298 daAuts
